 Dungeon Crawl Stone Soup version 0.30-a0-140-gd1020e658a (webtiles) character file.

Game seed: 14924032896620732357

233609 qw the Peltast (level 19, 0/100 HPs)
             Began as a Gargoyle Fighter on Sept 24, 2022.
             Was an Elder of Okawaru.
             Slain by a balrug
             ... wielding a +0 demon whip of freezing
              (1 damage)
             ... on level 2 of the Abyss.
             The game lasted 00:19:08 (43745 turns).

qw the Peltast (Gargoyle Fighter)                  Turns: 43745, Time: 00:19:09

Health: 0/100      AC: 41    Str: 21      XL:     19   Next: 57%
Magic:  20/21      EV: 14    Int:  7 (9)  God:    Okawaru [****..]
Gold:   721        SH: 22    Dex: 11      Spells: 18/18 levels left

rFire   . . .      SeeInvis .    Y - +0 broad axe (elec)
rCold   + + .      Faith    .    D - +0 tower shield
rNeg    + . .      Spirit   .    c - +2 plate armour "Ecvuirph" {rElec Will- Dex+3 Slay+2}
rPois   inf        Reflect  .    w - +0 helmet
rElec   +          Harm     .    F - scarf {repulsion}
rCorr   .          Rampage  .    x - +1 pair of gloves "Qiol" {rC++ Will-}
Will    .....      Rage     9%   l - +0 pair of boots
Stlth   ..........               b - amulet of the acrobat
HPRegen 0.26/turn                h - +4 ring of protection
MPRegen 0.17/turn                B - +4 ring of evasion

@: heroic, flying, repel missiles, unable to read, unable to drink
A: sickness immunity, AC +14, big wings, negative energy resistance 1,
electricity resistance, torment resistance 1, petrification resistance, agile 1,
clever 1, [berserk 2], [clumsy 2], [deformed body], [deterioration 2], [dopey
2], [frail 2], [low MP 2], [weak 2], [subdued magic 2], [inability to drink
after injury 2], [inability to read after injury 2]
}: 1/15 runes: serpentine
a: Renounce Religion, Heroism, Finesse


You were on level 2 of the Abyss.
You worshipped Okawaru.
Okawaru was greatly pleased with you.
You visited 7 branches of the dungeon, and saw 31 of its levels.
You visited the Abyss 2 times.

You collected 2726 gold pieces.
You spent 2005 gold pieces at shops.


Innate Abilities, Weirdness & Mutations

You are immune to sickness and miasma.
Your stone body is resilient. (AC +14)
You are immune to poison.
Your large and strong wings let you fly.
You resist negative energy. (rN+)
You are resistant to electric shocks. (rElec)
You are resistant to unholy torment.
You are immune to petrification.
You are agile. (Dex +4, Str/Int -1)
Your mind is acute. (Int +4, Str/Dex -1)
[You have an uncontrollable temper.]
[You are very clumsy. (Dex -4)]
[Armour fits poorly on your strangely shaped body.]
[Your body often deteriorates upon taking damage.]
[You are very dopey. (Int -4)]
[You are very frail. (-20% HP)]
[Your magical capacity is very low. (-20% MP)]
[You are very weak. (Str -4)]
[Your spells are easier to cast, but less powerful.]
[You sometimes lose the ability to drink potions when taking damage.]
[You sometimes lose the ability to read scrolls when taking damage.]


   Skills:
 - Level 16.0(21.0) Fighting
 - Level 18.0(23.0) Axes
 - Level 9.0(14.0) Throwing
 - Level 15.0(20.0) Armour
 - Level 5.0(10.0) Dodging
 + Level 18.7(23.7) Shields
 - Level 10.0 Invocations


You had 18 spell levels left.
You didn't know any spells.
Your spell library was empty.

Inventory:

Hand Weapons
 Y - a +0 broad axe of electrocution (weapon)
Missiles
 n - 9 silver javelins (quivered)
 q - 21 boomerangs
 t - 7 javelins
 E - 2 silver boomerangs
Armour
 c - the +2 plate armour "Ecvuirph" (worn) {rElec Will- Dex+3 Slay+2}
   (You found it on level 5 of the Lair of Beasts)

   Dex:       It affects your dexterity (+3).
   Slay:      It affects your accuracy & damage with ranged weapons and melee
   (+2).
   rElec:     It insulates you from electricity.
   Will:      It decreases your willpower.
 g - a +2 pair of gloves
 k - a +1 cloak of stealth
 l - a +0 pair of boots (worn)
 v - +0 acid dragon scales
 w - a +0 helmet (worn)
 x - the +1 pair of gloves "Qiol" (worn) {rC++ Will-}
   (Okawaru gifted it to you on level 5 of the Lair of Beasts)

   rC:        It greatly protects you from cold.
   Will:      It decreases your willpower.
 D - a +0 tower shield (worn)
 F - a scarf of repulsion (worn)
Jewellery
 b - an amulet of the acrobat (around neck)
 h - a +4 ring of protection (left hand)
 o - a ring of ice
 z - a ring of resist corrosion
 B - a +4 ring of evasion (right hand)
Scrolls
 a - 16 scrolls of identify
 C - a scroll of teleportation
Potions
 d - 6 potions of might
 e - 7 potions of lignification
 f - 5 potions of curing
 i - 5 potions of mutation
 j - 9 potions of attraction
 m - a potion of resistance
 p - 2 potions of magic
 r - 5 potions of haste
 u - 4 potions of cancellation

Dungeon Overview and Level Annotations

Branches:
Dungeon (15/15)            Temple (1/1) D:4            Lair (5/5) D:11
 Shoals (3/4) Lair:3        Snake (4/4) Lair:2        Slime (0/5) Lair:5
    Orc (2/2) D:11            Elf (0/3) Orc:2        Vaults (1/5) D:13
 Depths (0/4) D:15

Altars:
Ashenzari
Cheibriados
Dithmenos
Elyvilon
Gozag
Hepliaklqana
Kikubaaqudgha
Makhleb
Okawaru
Qazlal
Ru
Sif Muna
Trog
Uskayaw
Vehumet
Wu Jian
Xom
Yredelemnul
Zin
The Shining One

Shops:
D:3 [   D:10 =   D:11 *   Orc:1 (   Orc:2 [!=:

Annotations:
D:3 1 runed translucent door, qw's ghost, amateur GrFi
D:8 2 runed translucent doors
D:13 2 transporters, Xyoprad's ghost, journeyman FoFi


Message History

You are exhausted.
You feel yourself slow down.
You feel yourself speed up.
You feel like a meek peon again.
You recover from your berserk rage.
A balrug comes into view.
It is wielding a +0 demon whip of freezing.
43733 ||| Stepping ~*~*~tactically~*~*~ (stealth).
A balrug is nearby!
43736 ||| Stepping ~*~*~tactically~*~*~ (stealth).
The balrug shouts!
You hear a shout! x2
You hit the balrug but do no damage.
The balrug hits you with a +0 demon whip of freezing!
You feel threatened and lose the ability to drink potions!
You are engulfed in flames!!
You feel threatened and lose the ability to read scrolls!
43739 ||| INVOKING Heroism.
You gain the combat prowess of a mighty hero.
You block the balrug's attack.
You slash the balrug!
The balrug is lightly wounded.
The balrug closely misses you.
You slash the balrug!
The balrug is moderately wounded.
The balrug gestures at you. Something smites you!
A sun demon comes into view.
43742 ||| Stepping ~*~*~tactically~*~*~ (stealth).
The balrug attacks as you move away! You block the balrug's attack.
You slash the balrug!
The balrug is moderately wounded.
The balrug gestures at you.
The bolt of fire is repelled.
You closely miss the balrug.
The balrug is moderately wounded.
You block the balrug's attack.
You hit the balrug.
The balrug is moderately wounded.
The balrug hits you with a +0 demon whip of freezing!
You are engulfed in flames!!
The balrug freezes you.
You die...

# #### # #### .
... . .
#..##.....2 .
#.#..2#. .....
#...@#. ..3...
#....##.#.......
# ##.#.
#.#....... ..
..##. #########
.....# ##. # ...
.# . ...# ## ..
. # . .. . . . .
.


You could see a balrug.

Vanquished Creatures
  Nikola (Vaults:1)
  Jorgrun (Shoals:3)
  A lich (Abyss:2)
  5 tentacled starspawn (Abyss:2)
  Roxanne (Shoals:1)
  3 ironbound preservers (Vaults:1)
  2 stone giants (Shoals:2)
  An ironbound thunderhulk (Vaults:1)
  Azrael (Snake:3)
  3 merfolk impalers
  A rakshasa (D:15)
  3 vault guards (D:13)
  8 hydras
  Erolcha (Orc:1)
  3 salamander tyrants
  3 merfolk avatars
  19 anacondas
  11 centaur warriors
  A catoblepas (Lair:5)
  2 ogre magi
  4 two-headed ogres
  3 boulder beetles
  4 satyrs
  4 death yaks (Lair:5)
  4 merfolk aquamancers
  2 tengu warriors
  17 naga warriors
  3 thrashing horrors (Abyss:2)
  A vampire mage (D:15)
  4 hell hogs (Abyss:2)
  6 naga sharpshooters
  Sonja (D:12)
  14 shock serpents
  10 skeletal warriors
  Amaemon (D:8)
  3 wretched stars (Abyss:2)
  A shadow wraith (Abyss:2)
  6 salamander mystics
  10 sea snakes
  A sixfirhy (Abyss:2)
  2 wizards
  2 goliath frogs (Lair:5)
  11 deep trolls (Vaults:1)
  9 naga ritualists
  4 lindwurms (Snake:4)
  A necromancer (D:15)
  2 orc knights (Orc:2)
  3 deep elf pyromancers
  13 harpies
  An iron dragon zombie (D:15)
  An orc sorcerer (Orc:1)
  7 ugly things
  16 mana vipers
  A fire giant zombie (D:15)
  11 manticores
  15 salamanders
  8 cyclopes
  A stone giant zombie (Abyss:2)
  26 elephants
  42 black mambas
  23 fauns
  21 naga magi
  2 molten gargoyles (Lair:1)
  A water nymph (shapeshifter) (D:13)
  5 merfolk sirens
  2 vault sentinels (Vaults:1)
  3 water nymphs
  6 guardian serpents
  24 cane toads
  2 torpor snails
  2 gargoyles
  2 orange demons
  2 smoke demons (Abyss:2)
  4 rime drakes
  3 kobold demonologists
  A hellion (Abyss:2)
  3 unseen horrors
  A demonic crawler (Abyss:2)
  2 efreet
  2 yaktaurs
  A queen bee (D:12)
  7 komodo dragons
  5 trolls
  4 wind drakes
  3 tyrant leeches (Lair:5)
  A polar bear (Lair:2)
  3 meliai (D:12)
  19 merfolk
  4 dream sheep (Lair:2)
  2 slime creatures (Vaults:1)
  8 snapping turtles
  20 blink frogs
  2 large abominations (Abyss:2)
  6 flying skulls (Abyss:2)
  A spriggan skeleton (D:15)
  8 starcursed masses (Abyss:2)
  5 wyverns
  2 vampires
  13 water elementals
  A ynoxinul (Abyss:2)
  2 fire elementals (Snake:3)
  42 yaks
  2 wraiths
  A basilisk (D:12)
  9 vampire mosquitoes
  9 humans (D:13)
  3 steam dragons
  A neqoxec (Abyss:2)
  3 chaos spawn
  A warg (Orc:1)
  45 nagas
  2 acid dragons
  A glowing shapeshifter zombie (D:15)
  12 water moccasins
  2 hell hounds (Snake:3)
  27 orc warriors
  2 small abominations (Abyss:2)
  4 black bears
  A swamp drake (D:11)
  2 ice beasts (D:5)
  A sky beast (D:7)
  8 ogres
  6 wolves
  13 centaurs
  5 boggarts (Vaults:1)
  A phantom (D:4)
  5 kobold brigands
  10 bullfrogs
  3 necrophages
  2 gnoll sergeants (D:5)
  4 scorpions
  6 wights (D:6)
  29 killer bees
  11 electric eels
  4 howler monkeys (D:10)
  2 lava snakes (Lair:1)
  5 hounds
  A quasit (Abyss:2)
  2 gnoll boudas
  10 orc priests
  A jelly (D:6)
  14 orc wizards
  6 iguanas
  4 hell rats (Lair:2)
  19 gnolls
  6 adders
  7 river rats (Lair:2)
  A shadow imp (D:5)
  3 white imps
  3 worms
  3 dart slugs
  45 orcs
  6 bats
  4 endoplasms
  10 goblins
  5 hobgoblins
  8 jackals
  7 quokkas
  7 ball pythons
  2 frilled lizards (D:1)
  38 kobolds
  11 rats
  A fire vortex (Lair:1)
  A lurking horror (Abyss:2)
  4 starspawn tentacles (Abyss:2)
1087 creatures vanquished.

Vanquished Creatures (others)
  A raiju (Abyss:2)
  A small abomination (Abyss:2)
  25 fungi
  111 plants
  7 starspawn tentacles (Abyss:2)
  4 toadstools (D:1)
  15 withered plants (D:15)
164 creatures vanquished.

Grand Total: 1251 creatures vanquished

Notes
Turn   | Place    | Note
-------+----------+-------------------------------------------
     0 | D:1      | qw the Gargoyle Fighter began the quest for the Orb.
     0 | D:1      | Reached XP level 1. HP: 14/14 MP: 1/1
     0 | D:1      | 0 ||| qw: Version: 0.1.0-9-gbc19398
     0 | D:1      | 0 ||| qw: Game counter: 25
     0 | D:1      | 0 ||| qw: Always use a shield: true
     0 | D:1      | 0 ||| qw: God list: Okawaru
     0 | D:1      | 0 ||| qw: Allow faded altars: false
     0 | D:1      | 0 ||| qw: Do Orc after D:15 true
     0 | D:1      | 0 ||| qw: Do second Lair branch before Depths: true
     0 | D:1      | 0 ||| qw: Lair rune preference: random
     0 | D:1      | 0 ||| qw: Plans: Normal, Zot:1-4, God:TSO, Crypt, Tomb,
                  | Pan, Slime:5, Hells, Abyss, Orb
     0 | D:1      | 0 ||| PLANNING D:1-11
    98 | D:1      | 98 ||| DROPPING +0 club.
   111 | D:1      | Reached XP level 2. HP: 11/19 MP: 2/2
   256 | D:1      | 256 ||| Stepping ~*~*~tactically~*~*~ (stealth).
   257 | D:1      | 257 ||| Stepping ~*~*~tactically~*~*~ (stealth).
   478 | D:1      | 478 ||| Stepping ~*~*~tactically~*~*~ (stealth).
   523 | D:1      | Reached skill level 3 in Axes
   596 | D:1      | 596 ||| Stepping ~*~*~tactically~*~*~ (stealth).
   598 | D:1      | 598 ||| Stepping ~*~*~tactically~*~*~ (stealth).
   610 | D:1      | Reached XP level 3. HP: 20/23 MP: 3/3
   796 | D:1      | 796 ||| UPGRADING to +0 kite shield.
   806 | D:1      | 806 ||| DROPPING +0 buckler.
   807 | D:1      | 807 ||| READING 2 scrolls labelled VEIXZYIVUO.
   808 | D:1      | 808 ||| READING scroll labelled XAVOAC PAGGAFACH.
   811 | D:1      | 811 ||| DRINKING 2 ruby potions.
   956 | D:2      | Found a faded altar of an unknown god.
  1652 | D:2      | 1652 ||| Stepping ~*~*~tactically~*~*~ (hiding).
  2035 | D:2      | 2035 ||| READING scroll labelled YBIMEC SIMI.
  2036 | D:2      | 2036 ||| READING scroll labelled XOEQODDA ZONU.
  2037 | D:2      | 2037 ||| READING 2 scrolls of identify.
  2037 | D:2      | 2037 ||| IDENTIFYING inky potion
  2107 | D:3      | Reached XP level 4. HP: 28/28 MP: 4/4
  2108 | D:3      | 2108 ||| Stepping ~*~*~tactically~*~*~ (stealth).
  2138 | D:3      | 2138 ||| Stepping ~*~*~tactically~*~*~ (stealth).
  2144 | D:3      | 2144 ||| Stepping ~*~*~tactically~*~*~ (stealth).
  2196 | D:3      | Found a runed translucent door.
  2196 | D:3      | Noticed qw's ghost (amateur GrFi)
  2213 | D:3      | 2213 ||| FLEEEEING.
  2217 | D:3      | 2217 ||| FLEEEEING.
  2218 | D:3      | 2218 ||| Stepping ~*~*~tactically~*~*~ (hiding).
  2219 | D:3      | 2219 ||| Stepping ~*~*~tactically~*~*~ (hiding).
  2248 | D:3      | 2248 ||| FLEEEEING.
  2251 | D:3      | 2251 ||| FLEEEEING.
  2254 | D:3      | 2254 ||| FLEEEEING.
  2255 | D:3      | 2255 ||| FLEEEEING.
  2258 | D:3      | 2258 ||| FLEEEEING.
  2259 | D:3      | 2259 ||| FLEEEEING.
  2260 | D:3      | 2260 ||| FLEEEEING.
  2261 | D:3      | 2261 ||| FLEEEEING.
  2262 | D:3      | 2262 ||| FLEEEEING.
  2263 | D:3      | 2263 ||| FLEEEEING.
  2264 | D:3      | 2264 ||| FLEEEEING.
  2265 | D:3      | 2265 ||| FLEEEEING.
  2266 | D:3      | 2266 ||| FLEEEEING.
  2267 | D:3      | 2267 ||| FLEEEEING.
  2268 | D:3      | 2268 ||| FLEEEEING.
  2269 | D:3      | 2269 ||| STAIRDANCE
  2403 | D:2      | 2403 ||| READING 2 scrolls of identify.
  2403 | D:2      | 2403 ||| IDENTIFYING yellow potion
  2404 | D:2      | 2404 ||| DROPPING potion of berserk rage.
  2411 | D:3      | 2411 ||| STAIRDANCE
  2497 | D:3      | 2497 ||| DROPPING +0 mace.
  2502 | D:3      | 2502 ||| READING scroll labelled YNTEELEUTU.
  2503 | D:3      | 2503 ||| READING 3 scrolls of teleportation.
  2504 | D:3      | 2504 ||| FLEEEEING.
  2505 | D:3      | 2505 ||| FLEEEEING.
  2642 | D:3      | 2642 ||| DRINKING potion of curing.
  2642 | D:3      | 2642 ||| (to cure confusion)
  2646 | D:3      | Reached XP level 5. HP: 31/32 MP: 5/5
  2734 | D:3      | Found Hapsin's Antique Armour Shoppe.
  2743 | D:3      | 2743 ||| SHOPLISTING buzzing scale mail (243 gold, have
                  | 127).
  2743 | D:3      | 2743 ||| BUYING chain mail (121 gold).
  2743 | D:3      | Bought a chain mail for 121 gold pieces
  3001 | D:3      | 3001 ||| UPGRADING to +0 chain mail.
  3011 | D:3      | 3011 ||| DROPPING +0 scale mail.
  3040 | D:4      | 3040 ||| Stepping ~*~*~tactically~*~*~ (stealth).
  3055 | D:4      | Found Ygec's General Store.
  3064 | D:4      | Noticed a black bear
  3065 | D:4      | 3065 ||| Stepping ~*~*~tactically~*~*~ (stealth).
  3093 | D:4      | Noticed a black bear
  3094 | D:4      | 3094 ||| Stepping ~*~*~tactically~*~*~ (stealth).
  3101 | D:4      | Killed a black bear
  3102 | D:4      | Reached XP level 6. HP: 37/37 MP: 6/6
  3103 | D:4      | Killed a black bear
  3230 | D:4      | 3230 ||| Stepping ~*~*~tactically~*~*~ (hiding).
  3459 | D:4      | Reached XP level 7. HP: 44/44 MP: 7/7
  3919 | D:4      | Found a staircase to the Ecumenical Temple.
  3920 | D:4      | 3920 ||| PLANNING TEMPLE
  3920 | D:4      | 3920 ||| UPGRADING to +1 pair of gloves.
  3925 | D:4      | 3925 ||| READING 2 scrolls labelled CUACOPLIMER.
  3926 | D:4      | 3926 ||| READING scroll of enchant weapon.
  3926 | D:4      | 3926 ||| ENCHANTING +0 spectral war axe.
  3927 | D:4      | 3927 ||| DRINKING 2 golden potions.
  3927 | D:4      | Gained mutation: Your mind is acute. (Int +4, Str/Dex -1)
                  | [potion of mutation]
  3927 | D:4      | Gained mutation: [You are frail. (-10% HP)] [potion of
                  | mutation]
  3928 | D:4      | 3928 ||| DRINKING potion of mutation.
  3928 | D:4      | Lost mutation: [You are frail. (-10% HP)] [potion of
                  | mutation]
  3928 | D:4      | Lost mutation: Your mind is acute. (Int +4, Str/Dex -1)
                  | [potion of mutation]
  3928 | D:4      | Gained mutation: Your mind is acute. (Int +4, Str/Dex -1)
                  | [potion of mutation]
  3928 | D:4      | Gained mutation: You are agile. (Dex +4, Str/Int -1)
                  | [potion of mutation]
  3969 | Temple   | Entered the Ecumenical Temple
  4039 | Temple   | 4039 ||| PLANNING D:1-11
  4074 | Temple   | Became a worshipper of Warmaster Okawaru
  4099 | D:4      | 4099 ||| Stepping ~*~*~tactically~*~*~ (stealth).
  4180 | D:4      | Found a snail-covered altar of Cheibriados.
  4181 | D:4      | 4181 ||| UPGRADING to +0 pair of boots.
  4186 | D:4      | 4186 ||| READING 3 scrolls labelled UDUGHI AGOTY.
  4247 | D:4      | 4247 ||| DROPPING 2 scrolls of torment.
  4248 | D:4      | 4248 ||| READING 2 scrolls of teleportation.
  4405 | D:5      | Entered Level 5 of the Dungeon
  4428 | D:5      | 4428 ||| READING scroll of enchant weapon.
  4428 | D:5      | 4428 ||| ENCHANTING +1 spectral war axe.
  4541 | D:5      | 4541 ||| Stepping ~*~*~tactically~*~*~ (hiding).
  4554 | D:5      | Reached skill level 1 in Dodging
  4665 | D:5      | Reached skill level 6 in Axes
  4669 | D:5      | Reached skill level 6 in Shields
  4669 | D:5      | Reached XP level 8. HP: 48/48 MP: 8/8
  4753 | D:5      | Reached * piety under Okawaru
  4755 | D:5      | Reached skill level 1 in Invocations
  4862 | D:5      | 4862 ||| INVOKING Heroism.
  4876 | D:5      | 4876 ||| INVOKING Heroism.
  5067 | D:5      | Reached skill level 3 in Invocations
  5076 | D:5      | 5076 ||| Stepping ~*~*~tactically~*~*~ (hiding).
  5078 | D:5      | 5078 ||| Stepping ~*~*~tactically~*~*~ (hiding).
  5079 | D:5      | 5079 ||| Stepping ~*~*~tactically~*~*~ (hiding).
  5189 | D:5      | Found a burning altar of Makhleb.
  5331 | D:5      | 5331 ||| INVOKING Heroism.
  5527 | D:5      | 5527 ||| DROPPING amulet of guardian spirit.
  5528 | D:5      | 5528 ||| DROPPING +6 ring of intelligence.
  5529 | D:5      | 5529 ||| READING 2 scrolls labelled AFYMEN IJURUI.
  5530 | D:5      | 5530 ||| READING scroll labelled KUOCWY LEOZA.
  5531 | D:5      | 5531 ||| READING scroll labelled GOCLIAROJO.
  5532 | D:5      | 5532 ||| READING scroll labelled YFFUFI HESU.
  5533 | D:5      | 5533 ||| READING 3 scrolls of identify.
  5533 | D:5      | 5533 ||| IDENTIFYING bubbling orange potion
  5534 | D:5      | 5534 ||| READING 2 scrolls of identify.
  5534 | D:5      | 5534 ||| IDENTIFYING coppery potion
  5535 | D:5      | 5535 ||| DROPPING potion of ambrosia.
  5536 | D:5      | 5536 ||| DROPPING potion of degeneration.
  5537 | D:5      | 5537 ||| DROPPING scroll of noise.
  5545 | D:6      | 5545 ||| PLANNING SEWER
  5553 | D:6      | Reached XP level 9. HP: 50/54 MP: 12/12
  5586 | D:6      | Reached skill level 1 in Throwing
  5732 | D:6      | 5732 ||| INVOKING Heroism.
  5800 | D:6      | 5800 ||| Stepping ~*~*~tactically~*~*~ (hiding).
  6000 | D:6      | 6000 ||| INVOKING Heroism.
  6104 | D:6      | 6104 ||| INVOKING Heroism.
  6153 | D:6      | 6153 ||| RIP SEWER
  6246 | D:6      | 6246 ||| PLANNING D:1-11
  6296 | D:6      | 6296 ||| Stepping ~*~*~tactically~*~*~ (water).
  6298 | D:6      | 6298 ||| Stepping ~*~*~tactically~*~*~ (water).
  6433 | D:6      | 6433 ||| INVOKING Heroism.
  6635 | D:6      | 6635 ||| READING scroll labelled LIYDIF CEFOFU.
  6636 | D:6      | 6636 ||| READING 4 scrolls of identify.
  6636 | D:6      | 6636 ||| IDENTIFYING clear potion
  6637 | D:6      | 6637 ||| READING 3 scrolls of identify.
  6637 | D:6      | 6637 ||| IDENTIFYING sedimented black potion
  6668 | D:7      | 6668 ||| Stepping ~*~*~tactically~*~*~ (stealth).
  6674 | D:7      | 6674 ||| Stepping ~*~*~tactically~*~*~ (stealth).
  6683 | D:7      | Reached skill level 6 in Fighting
  6951 | D:7      | 6951 ||| INVOKING Heroism.
  6960 | D:7      | Reached ** piety under Okawaru
  6977 | D:7      | 6977 ||| Stepping ~*~*~tactically~*~*~ (hiding).
  6980 | D:7      | 6980 ||| INVOKING Heroism.
  7038 | D:7      | 7038 ||| INVOKING Heroism.
  7226 | D:7      | 7226 ||| INVOKING Heroism.
  7271 | D:7      | 7271 ||| INVOKING Heroism.
  7467 | D:7      | Reached skill level 9 in Axes
  7467 | D:7      | Reached XP level 10. HP: 60/60 MP: 13/13
  7675 | D:7      | 7675 ||| UPGRADING to +0 plate armour.
  7685 | D:7      | 7685 ||| DROPPING +0 chain mail.
  7686 | D:7      | 7686 ||| DROPPING ring of wizardry.
  7687 | D:7      | 7687 ||| READING scroll labelled ESAFEKHL UXEYR.
  7788 | D:7      | 7788 ||| READING 3 scrolls of identify.
  7788 | D:7      | 7788 ||| IDENTIFYING fizzy white potion
  7789 | D:7      | 7789 ||| READING 2 scrolls of identify.
  7789 | D:7      | 7789 ||| IDENTIFYING viscous white potion
  7790 | D:7      | 7790 ||| DROPPING potion of brilliance.
  7819 | D:8      | 7819 ||| Stepping ~*~*~tactically~*~*~ (stealth).
  7897 | D:8      | 7897 ||| Stepping ~*~*~tactically~*~*~ (stealth).
  7902 | D:8      | 7902 ||| Stepping ~*~*~tactically~*~*~ (stealth).
  7904 | D:8      | Noticed a two-headed ogre
  7905 | D:8      | 7905 ||| INVOKING Heroism.
  7914 | D:8      | Killed a two-headed ogre
  7915 | D:8      | Reached skill level 6 in Armour
  7932 | D:8      | 7932 ||| Stepping ~*~*~tactically~*~*~ (stealth).
  7970 | D:8      | Noticed Amaemon
  7971 | D:8      | 7971 ||| INVOKING Heroism.
  7972 | D:8      | Noticed an orange demon
  7981 | D:8      | Killed Amaemon
  7986 | D:8      | Killed an orange demon
  7986 | D:8      | Reached *** piety under Okawaru
  8069 | D:8      | 8069 ||| DROPPING +0 flail.
  8204 | D:8      | Found a large runed translucent door.
  8204 | D:8      | Found a large runed translucent door.
  8248 | D:8      | Found a white marble altar of Elyvilon.
  8251 | D:8      | 8251 ||| Stepping ~*~*~tactically~*~*~ (stealth).
  8252 | D:8      | 8252 ||| Stepping ~*~*~tactically~*~*~ (stealth).
  8309 | D:8      | 8309 ||| READING scroll of enchant weapon.
  8309 | D:8      | 8309 ||| ENCHANTING +2 spectral war axe.
  8524 | D:8      | 8524 ||| READING 2 scrolls of identify.
  8524 | D:8      | 8524 ||| IDENTIFYING fuming white potion
  8585 | D:9      | 8585 ||| Stepping ~*~*~tactically~*~*~ (stealth).
  8587 | D:9      | 8587 ||| Stepping ~*~*~tactically~*~*~ (hiding).
  8594 | D:9      | 8594 ||| INVOKING Heroism.
  8597 | D:9      | Reached skill level 9 in Shields
  8685 | D:9      | 8685 ||| Stepping ~*~*~tactically~*~*~ (stealth).
  8687 | D:9      | 8687 ||| Stepping ~*~*~tactically~*~*~ (stealth).
  8689 | D:9      | 8689 ||| Stepping ~*~*~tactically~*~*~ (stealth).
  8703 | D:9      | 8703 ||| FLEEEEING.
  8711 | D:9      | 8711 ||| FLEEEEING.
  8720 | D:9      | 8720 ||| STAIRDANCE
  8824 | D:9      | 8824 ||| Stepping ~*~*~tactically~*~*~ (hiding).
  8825 | D:9      | 8825 ||| INVOKING Heroism.
  8829 | D:9      | 8829 ||| Stepping ~*~*~tactically~*~*~ (cloud).
  8944 | D:9      | 8944 ||| Stepping ~*~*~tactically~*~*~ (stealth).
  8947 | D:9      | 8947 ||| Stepping ~*~*~tactically~*~*~ (stealth).
  8948 | D:9      | 8948 ||| Stepping ~*~*~tactically~*~*~ (stealth).
  8950 | D:9      | 8950 ||| Stepping ~*~*~tactically~*~*~ (hiding).
  8954 | D:9      | 8954 ||| INVOKING Heroism.
  8956 | D:9      | Reached XP level 11. HP: 53/67 MP: 11/14
  8957 | D:9      | 8957 ||| Stepping ~*~*~tactically~*~*~ (hiding).
  8969 | D:9      | Received a gift from Okawaru
  8973 | D:9      | 8973 ||| INVOKING Heroism.
  9032 | D:9      | 9032 ||| Stepping ~*~*~tactically~*~*~ (stealth).
  9038 | D:9      | 9038 ||| Stepping ~*~*~tactically~*~*~ (cloud).
  9039 | D:9      | 9039 ||| INVOKING Heroism.
  9044 | D:9      | 9044 ||| Stepping ~*~*~tactically~*~*~ (cloud).
  9402 | D:9      | 9402 ||| Stepping ~*~*~tactically~*~*~ (hiding).
  9546 | D:9      | 9546 ||| READING scroll labelled BELAUTRIKU.
  9547 | D:9      | 9547 ||| READING scroll labelled CAF ZUEGYWN.
  9548 | D:9      | 9548 ||| READING 2 scrolls of identify.
  9548 | D:9      | 9548 ||| IDENTIFYING lumpy brown potion
  9549 | D:9      | 9549 ||| DROPPING potion of flight.
  9609 | D:10     | Entered Level 10 of the Dungeon
  9699 | D:10     | Reached **** piety under Okawaru
  9703 | D:10     | 9703 ||| INVOKING Heroism.
  9712 | D:10     | Received a gift from Okawaru
  9820 | D:10     | Found a radiant altar of Vehumet.
  9893 | D:10     | 9893 ||| Stepping ~*~*~tactically~*~*~ (hiding).
  9900 | D:10     | 9900 ||| INVOKING Heroism.
  9902 | D:10     | 9902 ||| Stepping ~*~*~tactically~*~*~ (hiding).
  9905 | D:10     | 9905 ||| Stepping ~*~*~tactically~*~*~ (hiding).
  9909 | D:10     | Found a flagged portal.
  9950 | D:10     | 9950 ||| INVOKING Heroism.
  9977 | D:10     | Found a hide-covered altar of Uskayaw.
 10040 | D:10     | 10040 ||| INVOKING Heroism.
 10068 | D:10     | 10068 ||| INVOKING Heroism.
 10071 | D:10     | Reached skill level 3 in Throwing
 10376 | D:10     | Found Vilaice's Jewellery Shoppe.
 10381 | D:10     | 10381 ||| BUYING +4 ring of protection (360 gold).
 10381 | D:10     | Bought a +4 ring of protection for 360 gold pieces
 10381 | D:10     | 10381 ||| SHOPLISTING +6 ring of dexterity (360 gold, have
                  | 54).
 10381 | D:10     | 10381 ||| SHOPLISTING ring of Duuzeill {rF+ rCorr Str-2
                  | Dex-2 Stlth+} (320 gold, have 54).
 10381 | D:10     | 10381 ||| SHOPLISTING ring of fire (250 gold, have 54).
 10381 | D:10     | 10381 ||| SHOPLISTING ring of positive energy (200 gold,
                  | have 54).
 10408 | D:10     | Found an ancient bone altar of Kikubaaqudgha.
 10408 | D:10     | Found a shimmering blue altar of Sif Muna.
 10695 | D:10     | 10695 ||| UPGRADING to +4 ring of protection.
 10758 | D:11     | Noticed a two-headed ogre
 10759 | D:11     | 10759 ||| INVOKING Heroism.
 10760 | D:11     | 10760 ||| Stepping ~*~*~tactically~*~*~ (stealth).
 10764 | D:11     | Killed a two-headed ogre
 10771 | D:11     | Noticed a skeletal warrior
 10771 | D:11     | Noticed a skeletal warrior
 10786 | D:11     | HP: 13/68 [skeletal warrior/+2 hand axe of venom (5)]
 10787 | D:11     | 10787 ||| READING 4 scrolls of teleportation.
 10788 | D:11     | 10788 ||| DRINKING 3 potions of heal wounds.
 10789 | D:11     | Killed a skeletal warrior
 10791 | D:11     | 10791 ||| INVOKING Heroism.
 10794 | D:11     | 10794 ||| Stepping ~*~*~tactically~*~*~ (hiding).
 10794 | D:11     | Found a staircase to the Orcish Mines.
 10795 | D:11     | 10795 ||| Stepping ~*~*~tactically~*~*~ (hiding).
 10814 | D:11     | 10814 ||| Stepping ~*~*~tactically~*~*~ (stealth).
 10820 | D:11     | 10820 ||| Stepping ~*~*~tactically~*~*~ (stealth).
 10826 | D:11     | 10826 ||| Stepping ~*~*~tactically~*~*~ (stealth).
 10827 | D:11     | 10827 ||| Stepping ~*~*~tactically~*~*~ (stealth).
 10828 | D:11     | 10828 ||| INVOKING Heroism.
 10829 | D:11     | 10829 ||| Stepping ~*~*~tactically~*~*~ (hiding).
 11032 | D:11     | 11032 ||| INVOKING Heroism.
 11115 | D:11     | Noticed a skeletal warrior
 11117 | D:11     | 11117 ||| INVOKING Heroism.
 11121 | D:11     | Noticed a skeletal warrior
 11122 | D:11     | Killed a skeletal warrior
 11130 | D:11     | HP: 17/68 [skeletal warrior/+2 glaive of freezing (8)]
 11131 | D:11     | 11131 ||| READING 3 scrolls of teleportation.
 11132 | D:11     | 11132 ||| DRINKING 2 potions of heal wounds.
 11278 | D:11     | Found Arphud's Assorted Antiques.
 11290 | D:11     | 11290 ||| BUYING 2 potions of lignification (168 gold).
 11290 | D:11     | Bought 2 potions of lignification for 168 gold pieces
 11290 | D:11     | 11290 ||| SHOPLISTING potion of heal wounds (140 gold, have
                  | 3).
 11290 | D:11     | 11290 ||| SHOPLISTING scroll of enchant armour (210 gold,
                  | have 3).
 11290 | D:11     | 11290 ||| SHOPLISTING scroll of identify (56 gold, have 3).
 11290 | D:11     | 11290 ||| SHOPLISTING scroll of teleportation (84 gold,
                  | have 3).
 11404 | D:11     | 11404 ||| Stepping randomly (disturbance).
 11426 | D:11     | 11426 ||| Stepping ~*~*~tactically~*~*~ (stealth).
 11458 | D:11     | 11458 ||| Stepping ~*~*~tactically~*~*~ (stealth).
 11459 | D:11     | 11459 ||| Stepping ~*~*~tactically~*~*~ (stealth).
 11460 | D:11     | 11460 ||| Stepping ~*~*~tactically~*~*~ (stealth).
 11510 | D:11     | 11510 ||| Invisible monster not found???
 11513 | D:11     | 11513 ||| Stepping ~*~*~tactically~*~*~ (stealth).
 11515 | D:11     | 11515 ||| INVOKING Heroism.
 11517 | D:11     | 11517 ||| Stepping ~*~*~tactically~*~*~ (hiding).
 11520 | D:11     | Reached skill level 6 in Invocations
 11520 | D:11     | 11520 ||| Stepping ~*~*~tactically~*~*~ (hiding).
 11528 | D:11     | Found a staircase to the Lair.
 11604 | D:11     | 11604 ||| READING scroll of enchant weapon.
 11604 | D:11     | 11604 ||| ENCHANTING +3 spectral war axe.
 11740 | D:11     | 11740 ||| PLANNING LAIR
 11740 | D:11     | 11740 ||| DROPPING potion of invisibility.
 11755 | Lair:1   | Entered Level 1 of the Lair of Beasts
 11756 | Lair:1   | 11756 ||| INVOKING Heroism.
 11764 | Lair:1   | Received a gift from Okawaru
 11765 | Lair:1   | Reached XP level 12. HP: 61/75 MP: 14/17
 11766 | Lair:1   | Reached skill level 9 in Fighting
 11969 | Lair:1   | 11969 ||| INVOKING Heroism.
 12053 | Lair:1   | 12053 ||| INVOKING Heroism.
 12071 | Lair:1   | Reached ***** piety under Okawaru
 12170 | Lair:1   | 12170 ||| INVOKING Heroism.
 12467 | Lair:1   | 12467 ||| UPGRADING to +0 helmet.
 12472 | Lair:1   | 12472 ||| DROPPING ring of flight.
 12473 | Lair:1   | 12473 ||| READING 4 scrolls of identify.
 12473 | Lair:1   | 12473 ||| IDENTIFYING fizzy black potion
 12474 | Lair:1   | 12474 ||| READING 3 scrolls of teleportation.
 12591 | Lair:1   | 12591 ||| READING 3 scrolls of teleportation.
 12783 | Lair:1   | 12783 ||| READING 2 scrolls of teleportation.
 12865 | Lair:1   | 12865 ||| INVOKING Heroism.
 13039 | Lair:1   | 13039 ||| READING scroll of teleportation.
 13113 | Lair:1   | 13113 ||| Stepping randomly (stuck).
 13214 | Lair:2   | 13214 ||| INVOKING Heroism.
 13280 | Lair:2   | Found a staircase to the Snake Pit.
 13283 | Lair:2   | Received a gift from Okawaru
 13285 | Lair:2   | 13285 ||| INVOKING Heroism.
 13334 | Lair:2   | Reached skill level 9 in Invocations
 13335 | Lair:2   | 13335 ||| FLEEEEING.
 13336 | Lair:2   | 13336 ||| FLEEEEING.
 13337 | Lair:2   | 13337 ||| FLEEEEING.
 13338 | Lair:2   | 13338 ||| FLEEEEING.
 13339 | Lair:2   | 13339 ||| INVOKING Heroism.
 13368 | Lair:2   | 13368 ||| INVOKING Heroism.
 13581 | Lair:2   | 13581 ||| INVOKING Heroism.
 13584 | Lair:2   | Received a gift from Okawaru
 13618 | Lair:2   | Identified the +6 short sword of Wounding {spect, Fragile
                  | rPois rC++ rCorr}
 13623 | Lair:2   | 13623 ||| Stepping ~*~*~tactically~*~*~ (stealth).
 13881 | Lair:2   | 13881 ||| Stepping ~*~*~tactically~*~*~ (stealth).
 13976 | Lair:2   | 13976 ||| Stepping ~*~*~tactically~*~*~ (stealth).
 14240 | Lair:3   | 14240 ||| INVOKING Heroism.
 14247 | Lair:3   | Reached skill level 12 in Axes
 14254 | Lair:3   | Reached XP level 13. HP: 67/80 MP: 18/20
 14255 | Lair:3   | Reached skill level 9 in Armour
 14420 | Lair:3   | 14420 ||| INVOKING Heroism.
 14497 | Lair:3   | Found a staircase to the Shoals.
 14498 | Lair:3   | 14498 ||| Stepping ~*~*~tactically~*~*~ (hiding).
 14500 | Lair:3   | 14500 ||| Stepping ~*~*~tactically~*~*~ (hiding).
 14502 | Lair:3   | 14502 ||| INVOKING Heroism.
 14701 | Lair:3   | 14701 ||| INVOKING Heroism.
 14784 | Lair:3   | 14784 ||| INVOKING Heroism.
 15430 | Lair:4   | Identified the +6 great mace "Masiag" {flame, rC+ Dex+9}
                  | (Okawaru gifted it to you on level 4 of the Lair of Beasts)
 15430 | Lair:4   | Received a gift from Okawaru
 15603 | Lair:4   | 15603 ||| Stepping ~*~*~tactically~*~*~ (stealth).
 15613 | Lair:4   | 15613 ||| INVOKING Heroism.
 15724 | Lair:4   | 15724 ||| Stepping ~*~*~tactically~*~*~ (stealth).
 15725 | Lair:4   | 15725 ||| INVOKING Heroism.
 15726 | Lair:4   | 15726 ||| INVOKING Finesse.
 15728 | Lair:4   | 15728 ||| SWAPPING to -1 demon whip of venom.
 15740 | Lair:4   | 15740 ||| SWAPPING to +4 spectral war axe.
 16165 | Lair:5   | Entered Level 5 of the Lair of Beasts
 16166 | Lair:5   | 16166 ||| INVOKING Heroism.
 16167 | Lair:5   | 16167 ||| STAIRDANCE
 16180 | Lair:5   | 16180 ||| STAIRDANCE
 16306 | Lair:5   | 16306 ||| STAIRDANCE
 16348 | Lair:5   | 16348 ||| STAIRDANCE
 16350 | Lair:4   | 16350 ||| INVOKING Heroism.
 16536 | Lair:5   | 16536 ||| STAIRDANCE
 16538 | Lair:4   | 16538 ||| INVOKING Heroism.
 16543 | Lair:4   | Received a gift from Okawaru
 16583 | Lair:4   | 16583 ||| SWAPPING to +0 broad axe of freezing.
 16584 | Lair:4   | 16584 ||| DROPPING +4 spectral war axe.
 16587 | Lair:5   | 16587 ||| STAIRDANCE
 16589 | Lair:4   | 16589 ||| INVOKING Heroism.
 16708 | Lair:5   | 16708 ||| STAIRDANCE
 16710 | Lair:4   | 16710 ||| INVOKING Heroism.
 16738 | Lair:5   | 16738 ||| SWAPPING to -1 demon whip of venom.
 16739 | Lair:5   | 16739 ||| INVOKING Finesse.
 16742 | Lair:5   | 16742 ||| STAIRDANCE
 16763 | Lair:4   | 16763 ||| SWAPPING to +0 broad axe of freezing.
 16941 | Lair:5   | 16941 ||| STAIRDANCE
 16970 | Lair:5   | 16970 ||| INVOKING Heroism.
 17015 | Lair:5   | 17015 ||| Stepping ~*~*~tactically~*~*~ (stealth).
 17026 | Lair:5   | 17026 ||| INVOKING Heroism.
 17082 | Lair:5   | 17082 ||| FLEEEEING.
 17083 | Lair:5   | 17083 ||| FLEEEEING.
 17084 | Lair:5   | 17084 ||| FLEEEEING.
 17085 | Lair:5   | 17085 ||| FLEEEEING.
 17086 | Lair:5   | 17086 ||| FLEEEEING.
 17087 | Lair:5   | 17087 ||| FLEEEEING.
 17088 | Lair:5   | 17088 ||| STAIRDANCE
 17183 | Lair:5   | Gained mutation: Your large and strong wings let you fly.
                  | [Gargoyle growth]
 17183 | Lair:5   | Reached XP level 14. HP: 65/88 MP: 21/21
 17185 | Lair:5   | 17185 ||| STAIRDANCE
 17319 | Lair:5   | 17319 ||| Stepping ~*~*~tactically~*~*~ (stealth).
 17362 | Lair:5   | 17362 ||| READING scroll of enchant weapon.
 17362 | Lair:5   | 17362 ||| ENCHANTING +0 broad axe of freezing.
 17429 | Lair:5   | 17429 ||| FLEEEEING.
 17435 | Lair:5   | 17435 ||| INVOKING Heroism.
 17472 | Lair:5   | 17472 ||| FLEEEEING.
 17473 | Lair:5   | 17473 ||| FLEEEEING.
 17474 | Lair:5   | 17474 ||| FLEEEEING.
 17480 | Lair:5   | 17480 ||| FLEEEEING.
 17481 | Lair:5   | 17481 ||| FLEEEEING.
 17482 | Lair:5   | 17482 ||| FLEEEEING.
 17483 | Lair:5   | 17483 ||| FLEEEEING.
 17484 | Lair:5   | 17484 ||| FLEEEEING.
 17485 | Lair:5   | 17485 ||| FLEEEEING.
 17486 | Lair:5   | 17486 ||| FLEEEEING.
 17487 | Lair:5   | 17487 ||| FLEEEEING.
 17488 | Lair:5   | 17488 ||| FLEEEEING.
 17489 | Lair:5   | 17489 ||| FLEEEEING.
 17490 | Lair:5   | 17490 ||| FLEEEEING.
 17491 | Lair:5   | 17491 ||| FLEEEEING.
 17492 | Lair:5   | 17492 ||| FLEEEEING.
 17493 | Lair:5   | 17493 ||| FLEEEEING.
 17494 | Lair:5   | 17494 ||| FLEEEEING.
 17495 | Lair:5   | 17495 ||| FLEEEEING.
 17496 | Lair:5   | 17496 ||| FLEEEEING.
 17497 | Lair:5   | 17497 ||| FLEEEEING.
 17498 | Lair:5   | 17498 ||| FLEEEEING.
 17499 | Lair:5   | 17499 ||| FLEEEEING.
 17500 | Lair:5   | 17500 ||| STAIRDANCE
 17653 | Lair:4   | 17653 ||| READING scroll labelled XESUIWAUNI.
 17656 | Lair:5   | 17656 ||| STAIRDANCE
 17711 | Lair:5   | 17711 ||| STAIRDANCE
 17766 | Lair:5   | 17766 ||| STAIRDANCE
 17849 | Lair:5   | 17849 ||| INVOKING Heroism.
 17892 | Lair:5   | Identified the +2 plate armour "Ecvuirph" {rElec Will-
                  | Dex+3 Slay+2}
 17948 | Lair:5   | 17948 ||| INVOKING Heroism.
 18107 | Lair:5   | 18107 ||| INVOKING Heroism.
 18108 | Lair:5   | 18108 ||| INVOKING Finesse.
 18119 | Lair:5   | Received a gift from Okawaru
 18232 | Lair:5   | Identified the +3 scale mail of Whack-A-Mole {rElec}
 18272 | Lair:5   | 18272 ||| INVOKING Heroism.
 18273 | Lair:5   | 18273 ||| INVOKING Finesse.
 18275 | Lair:5   | 18275 ||| SWAPPING to -1 demon whip of venom.
 18285 | Lair:5   | 18285 ||| SWAPPING to +1 broad axe of freezing.
 18342 | Lair:5   | 18342 ||| Stepping ~*~*~tactically~*~*~ (stealth).
 18344 | Lair:5   | 18344 ||| INVOKING Heroism.
 18345 | Lair:5   | 18345 ||| Stepping ~*~*~tactically~*~*~ (stealth).
 18348 | Lair:5   | 18348 ||| INVOKING Finesse.
 18379 | Lair:5   | Reached skill level 3 in Dodging
 18396 | Lair:5   | Reached skill level 12 in Shields
 18409 | Lair:5   | Received a gift from Okawaru
 18682 | Lair:5   | 18682 ||| INVOKING Heroism.
 18683 | Lair:5   | 18683 ||| INVOKING Finesse.
 18685 | Lair:5   | 18685 ||| SWAPPING to -1 demon whip of venom.
 18703 | Lair:5   | Identified the +1 pair of gloves "Qiol" {rC++ Will-}
                  | (Okawaru gifted it to you on level 5 of the Lair of Beasts)
 18703 | Lair:5   | Received a gift from Okawaru
 18704 | Lair:5   | 18704 ||| SWAPPING to +1 broad axe of freezing.
 18777 | Lair:5   | 18777 ||| READING scroll of enchant armour.
 18777 | Lair:5   | 18777 ||| ENCHANTING +1 pair of gloves.
 19058 | Lair:5   | 19058 ||| INVOKING Heroism.
 19095 | Lair:5   | Found a staircase to the Slime Pits.
 19223 | Lair:5   | 19223 ||| PLANNING D
 19223 | Lair:5   | 19223 ||| UPGRADING to +2 plate armour "Ecvuirph" {rElec
                  | Will- Dex+3 Slay+2}.
 19233 | Lair:5   | 19233 ||| DROPPING +0 plate armour.
 19234 | Lair:5   | 19234 ||| UPGRADING to +1 pair of gloves "Qiol" {rC++
                  | Will-}.
 19384 | D:12     | 19384 ||| Stepping ~*~*~tactically~*~*~ (hiding).
 19385 | D:12     | 19385 ||| Stepping ~*~*~tactically~*~*~ (hiding).
 19395 | D:12     | 19395 ||| INVOKING Heroism.
 19526 | D:12     | 19526 ||| Stepping ~*~*~tactically~*~*~ (hiding).
 19608 | D:12     | 19608 ||| INVOKING Heroism.
 19906 | D:12     | 19906 ||| FLEEEEING.
 19917 | D:12     | 19917 ||| FLEEEEING.
 19937 | D:12     | 19937 ||| FLEEEEING.
 19939 | D:12     | 19939 ||| FLEEEEING.
 19940 | D:12     | 19940 ||| FLEEEEING.
 19944 | D:12     | 19944 ||| FLEEEEING.
 19945 | D:12     | 19945 ||| FLEEEEING.
 19951 | D:12     | 19951 ||| FLEEEEING.
 19952 | D:12     | 19952 ||| STAIRDANCE
 20053 | D:12     | 20053 ||| Stepping ~*~*~tactically~*~*~ (stealth).
 20055 | D:12     | 20055 ||| Stepping ~*~*~tactically~*~*~ (stealth).
 20061 | D:12     | 20061 ||| Stepping ~*~*~tactically~*~*~ (stealth).
 20062 | D:12     | 20062 ||| INVOKING Heroism.
 20066 | D:12     | Reached skill level 15 in Axes
 20173 | D:12     | 20173 ||| Stepping ~*~*~tactically~*~*~ (hiding).
 20320 | D:12     | 20320 ||| INVOKING Heroism.
 20418 | D:12     | Noticed Sonja
 20419 | D:12     | 20419 ||| INVOKING Finesse.
 20425 | D:12     | Killed Sonja
 20477 | D:12     | 20477 ||| INVOKING Heroism.
 20671 | D:12     | 20671 ||| INVOKING Heroism.
 20704 | D:12     | 20704 ||| INVOKING Heroism.
 20760 | D:12     | Reached XP level 15. HP: 55/95 MP: 22/22
 21070 | D:12     | 21070 ||| Stepping ~*~*~tactically~*~*~ (cloud).
 21071 | D:12     | 21071 ||| Stepping randomly (cloudy).
 21072 | D:12     | 21072 ||| Stepping randomly (cloudy).
 21073 | D:12     | 21073 ||| READING 2 scrolls of teleportation.
 21074 | D:12     | 21074 ||| Stepping ~*~*~tactically~*~*~ (cloud).
 21075 | D:12     | 21075 ||| Stepping ~*~*~tactically~*~*~ (cloud).
 21223 | D:13     | Found a transporter.
 21314 | D:13     | Found a transporter.
 21316 | D:13     | Noticed Xyoprad's ghost (journeyman FoFi)
 21413 | D:13     | 21413 ||| Stepping ~*~*~tactically~*~*~ (hiding).
 21536 | D:13     | 21536 ||| INVOKING Heroism.
 21537 | D:13     | 21537 ||| SWAPPING to -1 demon whip of venom.
 21545 | D:13     | 21545 ||| SWAPPING to +1 broad axe of freezing.
 21628 | D:13     | 21628 ||| Stepping ~*~*~tactically~*~*~ (stealth).
 21630 | D:13     | 21630 ||| Stepping ~*~*~tactically~*~*~ (hiding).
 21748 | D:13     | Reached skill level 12 in Fighting
 21894 | D:13     | 21894 ||| INVOKING Heroism.
 22048 | D:13     | Found a gate to the Vaults.
 22152 | D:14     | 22152 ||| INVOKING Heroism.
 22185 | D:14     | 22185 ||| SWAPPING to -1 demon whip of venom.
 22187 | D:14     | 22187 ||| Stepping ~*~*~tactically~*~*~ (outnumbered).
 22196 | D:14     | 22196 ||| Stepping ~*~*~tactically~*~*~ (outnumbered).
 22200 | D:14     | 22200 ||| Stepping ~*~*~tactically~*~*~ (outnumbered).
 22207 | D:14     | 22207 ||| SWAPPING to +1 broad axe of freezing.
 22213 | D:14     | 22213 ||| INVOKING Heroism.
 22236 | D:14     | 22236 ||| Stepping ~*~*~tactically~*~*~ (stealth).
 22272 | D:14     | 22272 ||| SWAPPING to -1 demon whip of venom.
 22273 | D:14     | 22273 ||| INVOKING Finesse.
 22281 | D:14     | 22281 ||| SWAPPING to +1 broad axe of freezing.
 22349 | D:14     | 22349 ||| UPGRADING to +6 ring of dexterity.
 22534 | D:14     | 22534 ||| Stepping ~*~*~tactically~*~*~ (hiding).
 22535 | D:14     | 22535 ||| Stepping ~*~*~tactically~*~*~ (hiding).
 22537 | D:14     | 22537 ||| Stepping ~*~*~tactically~*~*~ (hiding).
 22593 | D:14     | 22593 ||| INVOKING Heroism.
 22796 | D:14     | 22796 ||| Stepping ~*~*~tactically~*~*~ (stealth).
 22801 | D:14     | 22801 ||| Stepping ~*~*~tactically~*~*~ (hiding).
 22811 | D:14     | Received a gift from Okawaru
 22872 | D:14     | 22872 ||| SWAPPING to +0 broad axe of electrocution.
 22873 | D:14     | 22873 ||| DROPPING +1 broad axe of freezing.
 23088 | D:14     | Found a shimmering altar of Xom.
 23127 | D:14     | 23127 ||| FLEEEEING.
 23128 | D:14     | 23128 ||| FLEEEEING.
 23129 | D:14     | 23129 ||| FLEEEEING.
 23142 | D:14     | 23142 ||| FLEEEEING.
 23143 | D:14     | 23143 ||| FLEEEEING.
 23144 | D:14     | 23144 ||| FLEEEEING.
 23145 | D:14     | 23145 ||| FLEEEEING.
 23146 | D:14     | 23146 ||| STAIRDANCE
 23630 | D:14     | 23630 ||| DRINKING 5 potions of curing.
 23630 | D:14     | 23630 ||| (to cure confusion)
 23797 | D:15     | Entered Level 15 of the Dungeon
 23798 | D:15     | 23798 ||| PLANNING GAUNTLET
 23814 | D:15     | 23814 ||| INVOKING Heroism.
 23819 | D:15     | 23819 ||| INVOKING Finesse.
 23827 | D:15     | 23827 ||| SWAPPING to -1 demon whip of venom.
 23832 | D:15     | 23832 ||| Stepping ~*~*~tactically~*~*~ (outnumbered).
 23833 | D:15     | 23833 ||| Stepping ~*~*~tactically~*~*~ (outnumbered).
 23834 | D:15     | 23834 ||| Stepping ~*~*~tactically~*~*~ (outnumbered).
 23835 | D:15     | 23835 ||| Stepping ~*~*~tactically~*~*~ (outnumbered).
 23838 | D:15     | 23838 ||| Stepping ~*~*~tactically~*~*~ (outnumbered).
 23839 | D:15     | 23839 ||| Stepping ~*~*~tactically~*~*~ (outnumbered).
 23840 | D:15     | 23840 ||| Stepping ~*~*~tactically~*~*~ (outnumbered).
 23841 | D:15     | 23841 ||| Stepping ~*~*~tactically~*~*~ (outnumbered).
 23851 | D:15     | 23851 ||| Stepping ~*~*~tactically~*~*~ (outnumbered).
 23852 | D:15     | 23852 ||| Stepping ~*~*~tactically~*~*~ (outnumbered).
 23853 | D:15     | 23853 ||| Stepping ~*~*~tactically~*~*~ (outnumbered).
 23854 | D:15     | 23854 ||| Stepping ~*~*~tactically~*~*~ (outnumbered).
 23855 | D:15     | 23855 ||| Stepping ~*~*~tactically~*~*~ (outnumbered).
 23856 | D:15     | 23856 ||| SWAPPING to +0 broad axe of electrocution.
 23857 | D:15     | 23857 ||| SWAPPING to -1 demon whip of venom.
 23860 | D:15     | 23860 ||| Stepping ~*~*~tactically~*~*~ (outnumbered).
 23861 | D:15     | 23861 ||| SWAPPING to +0 broad axe of electrocution.
 23864 | D:15     | 23864 ||| SWAPPING to -1 demon whip of venom.
 23880 | D:15     | 23880 ||| Stepping ~*~*~tactically~*~*~ (outnumbered).
 23881 | D:15     | 23881 ||| SWAPPING to +0 broad axe of electrocution.
 23882 | D:15     | 23882 ||| SWAPPING to -1 demon whip of venom.
 23884 | D:15     | 23884 ||| Stepping ~*~*~tactically~*~*~ (outnumbered).
 23885 | D:15     | 23885 ||| Stepping ~*~*~tactically~*~*~ (outnumbered).
 23889 | D:15     | 23889 ||| Stepping ~*~*~tactically~*~*~ (outnumbered).
 23889 | D:15     | HP: 23/96 [four-headed hydra (4)]
 23890 | D:15     | 23890 ||| Stepping ~*~*~tactically~*~*~ (hiding).
 23891 | D:15     | 23891 ||| READING 2 scrolls of teleportation.
 23892 | D:15     | 23892 ||| DRINKING 2 potions of heal wounds.
 23895 | D:15     | 23895 ||| SWAPPING to +0 broad axe of electrocution.
 23954 | D:15     | 23954 ||| INVOKING Heroism.
 23961 | D:15     | HP: 24/96 [something (4)]
 23962 | D:15     | 23962 ||| READING scroll of teleportation.
 23963 | D:15     | 23963 ||| DRINKING potion of heal wounds.
 24042 | D:15     | 24042 ||| INVOKING Heroism.
 24054 | D:15     | HP: 22/94 [skeletal warrior/+0 halberd (5)]
 24083 | D:15     | 24083 ||| Invisible monster not found???
 24318 | D:15     | 24318 ||| RIP GAUNTLET
 24345 | D:15     | 24345 ||| PLANNING D
 24384 | D:15     | 24384 ||| Stepping ~*~*~tactically~*~*~ (hiding).
 24386 | D:15     | 24386 ||| Stepping ~*~*~tactically~*~*~ (hiding).
 24411 | D:15     | 24411 ||| Stepping ~*~*~tactically~*~*~ (stealth).
 24413 | D:15     | 24413 ||| Stepping ~*~*~tactically~*~*~ (hiding).
 24414 | D:15     | 24414 ||| Stepping ~*~*~tactically~*~*~ (hiding).
 24419 | D:15     | 24419 ||| INVOKING Heroism.
 24433 | D:15     | 24433 ||| Stepping ~*~*~tactically~*~*~ (stealth).
 24434 | D:15     | 24434 ||| Stepping ~*~*~tactically~*~*~ (stealth).
 24520 | D:15     | 24520 ||| Stepping ~*~*~tactically~*~*~ (hiding).
 24643 | D:15     | 24643 ||| INVOKING Heroism.
 24674 | D:15     | Found a staircase to the Depths.
 24707 | D:15     | 24707 ||| FLEEEEING.
 24715 | D:15     | 24715 ||| STAIRDANCE
 24889 | D:14     | 24889 ||| UPGRADING to amulet of the acrobat.
 24904 | D:15     | 24904 ||| INVOKING Heroism.
 24987 | D:15     | 24987 ||| INVOKING Heroism.
 25600 | D:15     | 25600 ||| Stepping randomly (stuck).
 25601 | D:15     | 25601 ||| Stepping randomly (stuck).
 25602 | D:15     | 25602 ||| Stepping randomly (stuck).
 25603 | D:15     | 25603 ||| Stepping randomly (stuck).
 25604 | D:15     | 25604 ||| Stepping randomly (stuck).
 25674 | D:15     | 25674 ||| Stepping randomly (stuck).
 25675 | D:15     | 25675 ||| Stepping randomly (stuck).
 25676 | D:15     | 25676 ||| Stepping randomly (cloudy).
 25677 | D:15     | 25677 ||| Stepping randomly (stuck).
 25754 | D:15     | 25754 ||| PLANNING ORC
 25859 | D:11     | 25859 ||| INVOKING Heroism.
 25870 | D:11     | Reached skill level 12 in Armour
 25881 | Orc:1    | Entered Level 1 of the Orcish Mines
 26012 | Orc:1    | Noticed Erolcha
 26021 | Orc:1    | 26021 ||| INVOKING Heroism.
 26022 | Orc:1    | Killed Erolcha
 26152 | Orc:1    | 26152 ||| Stepping ~*~*~tactically~*~*~ (hiding).
 26158 | Orc:1    | 26158 ||| INVOKING Heroism.
 26167 | Orc:1    | Received a gift from Okawaru
 26388 | Orc:1    | Found Wowevej's Antique Weapon Boutique.
 26397 | Orc:1    | 26397 ||| BUYING runed war axe (130 gold).
 26397 | Orc:1    | Bought a runed war axe for 130 gold pieces
 26397 | Orc:1    | 26397 ||| DROPPING -1 demon whip of venom.
 26440 | Orc:2    | Entered Level 2 of the Orcish Mines
 26441 | Orc:2    | 26441 ||| STAIRDANCE
 26445 | Orc:2    | 26445 ||| STAIRDANCE
 26529 | Orc:2    | 26529 ||| STAIRDANCE
 26535 | Orc:2    | 26535 ||| STAIRDANCE
 26541 | Orc:1    | Reached XP level 16. HP: 88/101 MP: 23/23
 26591 | Orc:2    | 26591 ||| STAIRDANCE
 26617 | Orc:2    | 26617 ||| STAIRDANCE
 26619 | Orc:1    | 26619 ||| INVOKING Heroism.
 26674 | Orc:2    | 26674 ||| STAIRDANCE
 26692 | Orc:2    | 26692 ||| INVOKING Heroism.
 26698 | Orc:2    | 26698 ||| DRINKING 5 potions of curing.
 26698 | Orc:2    | 26698 ||| (to cure confusion)
 26700 | Orc:2    | 26700 ||| STAIRDANCE
 26858 | Orc:2    | 26858 ||| STAIRDANCE
 26860 | Orc:1    | 26860 ||| DRINKING 4 potions of curing.
 26860 | Orc:1    | 26860 ||| (to cure confusion)
 26913 | Orc:2    | 26913 ||| STAIRDANCE
 26917 | Orc:2    | 26917 ||| INVOKING Heroism.
 26918 | Orc:2    | 26918 ||| STAIRDANCE
 26944 | Orc:2    | 26944 ||| STAIRDANCE
 26946 | Orc:1    | 26946 ||| INVOKING Heroism.
 26968 | Orc:2    | 26968 ||| DRINKING 3 potions of curing.
 26968 | Orc:2    | 26968 ||| (to cure confusion)
 26975 | Orc:2    | Received a gift from Okawaru
 26977 | Orc:2    | Reached skill level 6 in Throwing
 26980 | Orc:2    | 26980 ||| INVOKING Heroism.
 26983 | Orc:2    | 26983 ||| DRINKING 2 potions of curing.
 26983 | Orc:2    | 26983 ||| (to cure confusion)
 27001 | Orc:2    | 27001 ||| Stepping ~*~*~tactically~*~*~ (hiding).
 27002 | Orc:2    | 27002 ||| Stepping ~*~*~tactically~*~*~ (hiding).
 27008 | Orc:2    | 27008 ||| FLEEEEING.
 27009 | Orc:2    | 27009 ||| FLEEEEING.
 27011 | Orc:2    | 27011 ||| STAIRDANCE
 27236 | Orc:2    | 27236 ||| Stepping ~*~*~tactically~*~*~ (hiding).
 27243 | Orc:2    | 27243 ||| Stepping ~*~*~tactically~*~*~ (hiding).
 27338 | Orc:2    | 27338 ||| Stepping ~*~*~tactically~*~*~ (hiding).
 27339 | Orc:2    | 27339 ||| Stepping ~*~*~tactically~*~*~ (hiding).
 27437 | Orc:2    | 27437 ||| Stepping ~*~*~tactically~*~*~ (stealth).
 27439 | Orc:2    | 27439 ||| Stepping ~*~*~tactically~*~*~ (stealth).
 27441 | Orc:2    | 27441 ||| Stepping ~*~*~tactically~*~*~ (hiding).
 27444 | Orc:2    | 27444 ||| Stepping ~*~*~tactically~*~*~ (hiding).
 27566 | Orc:2    | 27566 ||| Stepping ~*~*~tactically~*~*~ (hiding).
 27568 | Orc:2    | 27568 ||| Stepping ~*~*~tactically~*~*~ (hiding).
 27626 | Orc:2    | Found Vuqoffob's Distillery.
 27626 | Orc:2    | Found Xech's Jewellery Shop.
 27626 | Orc:2    | Found Ercherio's Book Boutique.
 27629 | Orc:2    | Found Ecuawku's Armour Shoppe.
 27633 | Orc:2    | 27633 ||| BUYING 2 potions of mutation (224 gold).
 27633 | Orc:2    | Bought 2 potions of mutation for 224 gold pieces
 27633 | Orc:2    | 27633 ||| BUYING potion of attraction (42 gold).
 27633 | Orc:2    | Bought a potion of attraction for 42 gold pieces
 27633 | Orc:2    | 27633 ||| BUYING potion of curing (42 gold).
 27633 | Orc:2    | Bought a potion of curing for 42 gold pieces
 27633 | Orc:2    | 27633 ||| BUYING potion of curing (42 gold).
 27633 | Orc:2    | Bought a potion of curing for 42 gold pieces
 27633 | Orc:2    | 27633 ||| BUYING potion of magic (112 gold).
 27633 | Orc:2    | Bought a potion of magic for 112 gold pieces
 27633 | Orc:2    | 27633 ||| BUYING potion of magic (112 gold).
 27633 | Orc:2    | Bought a potion of magic for 112 gold pieces
 27633 | Orc:2    | 27633 ||| BUYING potion of mutation (112 gold).
 27633 | Orc:2    | Bought a potion of mutation for 112 gold pieces
 27634 | Orc:2    | 27634 ||| BUYING +4 ring of evasion (540 gold).
 27634 | Orc:2    | Bought a +4 ring of evasion for 540 gold pieces
 27634 | Orc:2    | 27634 ||| SHOPLISTING amulet of a Billion Lives {Spirit
                  | Dex+4} (681 gold, have 150).
 27634 | Orc:2    | 27634 ||| SHOPLISTING ring of Baizat {Fire Str+4} (606
                  | gold, have 150).
 27634 | Orc:2    | 27634 ||| SHOPLISTING ring of ice (375 gold, have 150).
 27634 | Orc:2    | 27634 ||| SHOPLISTING ring of protection from cold (375
                  | gold, have 150).
 27641 | Orc:2    | 27641 ||| SHOPLISTING +1 cloak of the Circus Animal {Will+
                  | Dex+2} (263 gold, have 150).
 27691 | Orc:2    | Found a staircase to the Elven Halls.
 27852 | Orc:2    | 27852 ||| PLANNING SNAKE:1-3
 27852 | Orc:2    | 27852 ||| UPGRADING to +4 ring of evasion.
 27854 | Orc:2    | 27854 ||| DROPPING +6 ring of dexterity.
 27989 | Snake:1  | Entered Level 1 of the Snake Pit
 28026 | Snake:1  | 28026 ||| Stepping ~*~*~tactically~*~*~ (hiding).
 28028 | Snake:1  | 28028 ||| Stepping ~*~*~tactically~*~*~ (hiding).
 28029 | Snake:1  | 28029 ||| Stepping ~*~*~tactically~*~*~ (hiding).
 28057 | Snake:1  | Received a gift from Okawaru
 28064 | Snake:1  | 28064 ||| INVOKING Heroism.
 28249 | Snake:1  | 28249 ||| Stepping ~*~*~tactically~*~*~ (hiding).
 28256 | Snake:1  | 28256 ||| INVOKING Heroism.
 28269 | Snake:1  | 28269 ||| Stepping ~*~*~tactically~*~*~ (hiding).
 28275 | Snake:1  | 28275 ||| Stepping ~*~*~tactically~*~*~ (hiding).
 28290 | Snake:1  | Received a gift from Okawaru
 28662 | Snake:1  | 28662 ||| Stepping ~*~*~tactically~*~*~ (hiding).
 28671 | Snake:1  | 28671 ||| INVOKING Heroism.
 28702 | Snake:1  | 28702 ||| INVOKING Heroism.
 28922 | Snake:1  | 28922 ||| Stepping ~*~*~tactically~*~*~ (hiding).
 28927 | Snake:1  | 28927 ||| Stepping ~*~*~tactically~*~*~ (hiding).
 28933 | Snake:1  | Received a gift from Okawaru
 29127 | Snake:1  | 29127 ||| Stepping ~*~*~tactically~*~*~ (hiding).
 29128 | Snake:1  | 29128 ||| Stepping ~*~*~tactically~*~*~ (hiding).
 29136 | Snake:1  | 29136 ||| INVOKING Heroism.
 29167 | Snake:1  | 29167 ||| Stepping ~*~*~tactically~*~*~ (stealth).
 29168 | Snake:1  | 29168 ||| Stepping ~*~*~tactically~*~*~ (stealth).
 29324 | Snake:1  | 29324 ||| Stepping ~*~*~tactically~*~*~ (stealth).
 29327 | Snake:1  | 29327 ||| INVOKING Heroism.
 29637 | Snake:1  | 29637 ||| Stepping ~*~*~tactically~*~*~ (hiding).
 29638 | Snake:1  | 29638 ||| Stepping ~*~*~tactically~*~*~ (hiding).
 29641 | Snake:1  | 29641 ||| Stepping ~*~*~tactically~*~*~ (hiding).
 29964 | Snake:1  | 29964 ||| Stepping ~*~*~tactically~*~*~ (hiding).
 30014 | Snake:1  | 30014 ||| UPGRADING to +2 kite shield of poison resistance.
 30024 | Snake:1  | 30024 ||| DROPPING +0 kite shield.
 30066 | Snake:2  | 30066 ||| INVOKING Heroism.
 30067 | Snake:2  | 30067 ||| Stepping ~*~*~tactically~*~*~ (stealth).
 30117 | Snake:2  | 30117 ||| FLEEEEING.
 30118 | Snake:2  | 30118 ||| STAIRDANCE
 30236 | Snake:2  | 30236 ||| Stepping ~*~*~tactically~*~*~ (hiding).
 30299 | Snake:2  | 30299 ||| Stepping ~*~*~tactically~*~*~ (stealth).
 30301 | Snake:2  | 30301 ||| Stepping ~*~*~tactically~*~*~ (stealth).
 30306 | Snake:2  | 30306 ||| Stepping ~*~*~tactically~*~*~ (stealth).
 30420 | Snake:2  | 30420 ||| Stepping ~*~*~tactically~*~*~ (stealth).
 30423 | Snake:2  | 30423 ||| INVOKING Heroism.
 30587 | Snake:2  | 30587 ||| Stepping ~*~*~tactically~*~*~ (stealth).
 30588 | Snake:2  | 30588 ||| Stepping ~*~*~tactically~*~*~ (stealth).
 30602 | Snake:2  | 30602 ||| INVOKING Heroism.
 30604 | Snake:2  | Received a gift from Okawaru
 30781 | Snake:2  | 30781 ||| Stepping ~*~*~tactically~*~*~ (stealth).
 30785 | Snake:2  | 30785 ||| Stepping ~*~*~tactically~*~*~ (hiding).
 30794 | Snake:2  | 30794 ||| Stepping ~*~*~tactically~*~*~ (hiding).
 30810 | Snake:2  | 30810 ||| INVOKING Heroism.
 30814 | Snake:2  | Received a gift from Okawaru
 30822 | Snake:2  | 30822 ||| Stepping ~*~*~tactically~*~*~ (stealth).
 30951 | Snake:2  | 30951 ||| Stepping ~*~*~tactically~*~*~ (stealth).
 30952 | Snake:2  | 30952 ||| Stepping ~*~*~tactically~*~*~ (stealth).
 30955 | Snake:2  | 30955 ||| INVOKING Heroism.
 31001 | Snake:2  | 31001 ||| Stepping ~*~*~tactically~*~*~ (stealth).
 31004 | Snake:2  | 31004 ||| Stepping ~*~*~tactically~*~*~ (stealth).
 31005 | Snake:2  | 31005 ||| Stepping ~*~*~tactically~*~*~ (stealth).
 31006 | Snake:2  | 31006 ||| Stepping ~*~*~tactically~*~*~ (stealth).
 31007 | Snake:2  | 31007 ||| Stepping ~*~*~tactically~*~*~ (stealth).
 31008 | Snake:2  | 31008 ||| INVOKING Heroism.
 31159 | Snake:2  | Received a gift from Okawaru
 31231 | Snake:2  | 31231 ||| INVOKING Heroism.
 31308 | Snake:2  | 31308 ||| FLEEEEING.
 31309 | Snake:2  | 31309 ||| FLEEEEING.
 31310 | Snake:2  | 31310 ||| FLEEEEING.
 31311 | Snake:2  | 31311 ||| FLEEEEING.
 31312 | Snake:2  | 31312 ||| STAIRDANCE
 31534 | Snake:2  | 31534 ||| Stepping ~*~*~tactically~*~*~ (stealth).
 31535 | Snake:2  | 31535 ||| Stepping ~*~*~tactically~*~*~ (stealth).
 31536 | Snake:2  | 31536 ||| Stepping ~*~*~tactically~*~*~ (stealth).
 31542 | Snake:2  | 31542 ||| INVOKING Heroism.
 31735 | Snake:2  | 31735 ||| UPGRADING to +0 tower shield.
 31745 | Snake:2  | 31745 ||| DROPPING +2 kite shield of poison resistance.
 31782 | Snake:3  | 31782 ||| STAIRDANCE
 31790 | Snake:2  | Reached XP level 17. HP: 106/108 MP: 14/24
 31856 | Snake:3  | Received a gift from Okawaru
 31861 | Snake:3  | 31861 ||| DROPPING +0 vorpal broad axe.
 32012 | Snake:3  | 32012 ||| INVOKING Heroism.
 32043 | Snake:3  | 32043 ||| Stepping ~*~*~tactically~*~*~ (hiding).
 32102 | Snake:3  | 32102 ||| Stepping ~*~*~tactically~*~*~ (stealth).
 32103 | Snake:3  | 32103 ||| Stepping ~*~*~tactically~*~*~ (stealth).
 32110 | Snake:3  | 32110 ||| Stepping ~*~*~tactically~*~*~ (hiding).
 32211 | Snake:3  | 32211 ||| Stepping ~*~*~tactically~*~*~ (hiding).
 32219 | Snake:3  | 32219 ||| INVOKING Heroism.
 32243 | Snake:3  | 32243 ||| Stepping ~*~*~tactically~*~*~ (hiding).
 32367 | Snake:3  | 32367 ||| Stepping ~*~*~tactically~*~*~ (hiding).
 32371 | Snake:3  | 32371 ||| Stepping ~*~*~tactically~*~*~ (stealth).
 32392 | Snake:3  | 32392 ||| Stepping ~*~*~tactically~*~*~ (stealth).
 32408 | Snake:3  | 32408 ||| Stepping ~*~*~tactically~*~*~ (stealth).
 32478 | Snake:3  | 32478 ||| Stepping ~*~*~tactically~*~*~ (stealth).
 32479 | Snake:3  | 32479 ||| Stepping ~*~*~tactically~*~*~ (stealth).
 32480 | Snake:3  | 32480 ||| Stepping ~*~*~tactically~*~*~ (stealth).
 32491 | Snake:3  | 32491 ||| Stepping ~*~*~tactically~*~*~ (stealth).
 32494 | Snake:3  | 32494 ||| INVOKING Heroism.
 32751 | Snake:3  | 32751 ||| Stepping ~*~*~tactically~*~*~ (hiding).
 32924 | Snake:3  | 32924 ||| INVOKING Heroism.
 33145 | Snake:3  | Noticed Azrael
 33146 | Snake:3  | 33146 ||| INVOKING Heroism.
 33160 | Snake:3  | Killed Azrael
 33579 | Snake:3  | Received a gift from Okawaru
 33580 | Snake:3  | Reached skill level 15 in Shields
 33729 | Snake:3  | 33729 ||| INVOKING Heroism.
 33930 | Snake:4  | Entered Level 4 of the Snake Pit
 33931 | Snake:4  | 33931 ||| PLANNING SHOALS:1-3
 33931 | Snake:4  | 33931 ||| STAIRDANCE
 34009 | Shoals:1 | Entered Level 1 of the Shoals
 34049 | Shoals:1 | 34049 ||| INVOKING Heroism.
 34352 | Shoals:1 | 34352 ||| INVOKING Heroism.
 34424 | Shoals:1 | 34424 ||| INVOKING Heroism.
 34453 | Shoals:1 | 34453 ||| Stepping ~*~*~tactically~*~*~ (stealth).
 34469 | Shoals:1 | 34469 ||| Stepping ~*~*~tactically~*~*~ (hiding).
 34713 | Shoals:1 | Received a gift from Okawaru
 34891 | Shoals:1 | 34891 ||| INVOKING Heroism.
 34981 | Shoals:1 | 34981 ||| INVOKING Heroism.
 35213 | Shoals:1 | Identified Roxanne's Meditations on Sculpting
 35213 | Shoals:1 | Noticed Roxanne
 35214 | Shoals:1 | 35214 ||| INVOKING Heroism.
 35215 | Shoals:1 | 35215 ||| INVOKING Finesse.
 35249 | Shoals:1 | HP: 23/108 [Roxanne/bolt of magma (18)]
 35250 | Shoals:1 | 35250 ||| READING 4 scrolls of teleportation.
 35251 | Shoals:1 | 35251 ||| DRINKING 2 potions of heal wounds.
 35534 | Shoals:1 | 35534 ||| UPGRADING to scarf of repulsion.
 35539 | Shoals:1 | 35539 ||| READING scroll labelled XIDYKK FERAS.
 35551 | Shoals:1 | 35551 ||| INVOKING Heroism.
 35552 | Shoals:1 | 35552 ||| INVOKING Finesse.
 35578 | Shoals:1 | Killed Roxanne
 35614 | Shoals:2 | 35614 ||| INVOKING Finesse.
 35616 | Shoals:2 | 35616 ||| INVOKING Heroism.
 35767 | Shoals:2 | 35767 ||| Stepping ~*~*~tactically~*~*~ (stealth).
 35976 | Shoals:2 | 35976 ||| INVOKING Heroism.
 36019 | Shoals:2 | 36019 ||| Stepping ~*~*~tactically~*~*~ (hiding).
 36020 | Shoals:2 | 36020 ||| Stepping ~*~*~tactically~*~*~ (hiding).
 36022 | Shoals:2 | 36022 ||| Stepping ~*~*~tactically~*~*~ (hiding).
 36032 | Shoals:2 | 36032 ||| Stepping ~*~*~tactically~*~*~ (hiding).
 36045 | Shoals:2 | 36045 ||| Stepping ~*~*~tactically~*~*~ (stealth).
 36047 | Shoals:2 | 36047 ||| Stepping ~*~*~tactically~*~*~ (hiding).
 36056 | Shoals:2 | 36056 ||| INVOKING Heroism.
 36158 | Shoals:2 | 36158 ||| Stepping ~*~*~tactically~*~*~ (hiding).
 36161 | Shoals:2 | 36161 ||| Stepping ~*~*~tactically~*~*~ (hiding).
 36222 | Shoals:2 | 36222 ||| INVOKING Heroism.
 36319 | Shoals:2 | 36319 ||| Stepping ~*~*~tactically~*~*~ (hiding).
 36320 | Shoals:2 | 36320 ||| Stepping ~*~*~tactically~*~*~ (hiding).
 36323 | Shoals:2 | 36323 ||| Stepping ~*~*~tactically~*~*~ (hiding).
 36325 | Shoals:2 | 36325 ||| INVOKING Heroism.
 36401 | Shoals:2 | 36401 ||| INVOKING Heroism.
 36408 | Shoals:2 | Reached skill level 18 in Axes
 36799 | Shoals:3 | 36799 ||| Stepping ~*~*~tactically~*~*~ (hiding).
 36851 | Shoals:3 | 36851 ||| INVOKING Heroism.
 36867 | Shoals:3 | Reached XP level 18. HP: 105/114 MP: 25/25
 36898 | Shoals:3 | 36898 ||| DROPPING +2 war axe of flaming.
 36943 | Shoals:3 | 36943 ||| INVOKING Heroism.
 36983 | Shoals:3 | 36983 ||| Stepping ~*~*~tactically~*~*~ (hiding).
 36984 | Shoals:3 | 36984 ||| Stepping ~*~*~tactically~*~*~ (hiding).
 36985 | Shoals:3 | 36985 ||| Stepping ~*~*~tactically~*~*~ (hiding).
 36986 | Shoals:3 | 36986 ||| Stepping ~*~*~tactically~*~*~ (hiding).
 37032 | Shoals:3 | Received a gift from Okawaru
 37182 | Shoals:3 | 37182 ||| INVOKING Heroism.
 37278 | Shoals:3 | 37278 ||| INVOKING Heroism.
 37493 | Shoals:3 | 37493 ||| INVOKING Heroism.
 37515 | Shoals:3 | Noticed Jorgrun
 37532 | Shoals:3 | Killed Jorgrun
 37786 | Shoals:3 | 37786 ||| INVOKING Heroism.
 37787 | Shoals:3 | 37787 ||| INVOKING Finesse.
 37856 | Shoals:3 | 37856 ||| Stepping ~*~*~tactically~*~*~ (hiding).
 37857 | Shoals:3 | 37857 ||| Stepping ~*~*~tactically~*~*~ (hiding).
 37858 | Shoals:3 | 37858 ||| INVOKING Heroism.
 37859 | Shoals:3 | 37859 ||| INVOKING Finesse.
 37900 | Shoals:3 | Found a bloodstained altar of Trog.
 37967 | Shoals:3 | 37967 ||| PLANNING SNAKE:4
 38122 | Snake:4  | 38122 ||| STAIRDANCE
 38138 | Snake:3  | Received a gift from Okawaru
 38253 | Snake:4  | 38253 ||| INVOKING Heroism.
 38489 | Snake:4  | 38489 ||| Stepping ~*~*~tactically~*~*~ (hiding).
 38492 | Snake:4  | 38492 ||| INVOKING Heroism.
 38494 | Snake:4  | 38494 ||| Stepping ~*~*~tactically~*~*~ (hiding).
 38505 | Snake:4  | Reached skill level 18 in Shields
 38512 | Snake:4  | 38512 ||| Stepping ~*~*~tactically~*~*~ (stealth).
 38523 | Snake:4  | Received a gift from Okawaru
 38524 | Snake:4  | 38524 ||| Stepping ~*~*~tactically~*~*~ (hiding).
 38526 | Snake:4  | 38526 ||| INVOKING Heroism.
 38543 | Snake:4  | 38543 ||| Stepping ~*~*~tactically~*~*~ (hiding).
 38616 | Snake:4  | 38616 ||| FLEEEEING.
 38617 | Snake:4  | 38617 ||| FLEEEEING.
 38659 | Snake:4  | 38659 ||| Stepping ~*~*~tactically~*~*~ (stealth).
 38870 | Snake:4  | 38870 ||| Stepping ~*~*~tactically~*~*~ (stealth).
 38872 | Snake:4  | 38872 ||| Stepping ~*~*~tactically~*~*~ (hiding).
 39115 | Snake:4  | 39115 ||| INVOKING Heroism.
 39121 | Snake:4  | HP: 13/116 [salamander tyrant (27)]
 39122 | Snake:4  | 39122 ||| READING 5 scrolls of teleportation.
 39123 | Snake:4  | 39123 ||| DRINKING 3 potions of heal wounds.
 39126 | Snake:4  | 39126 ||| DRINKING 2 potions of heal wounds.
 39127 | Snake:4  | HP: 22/116 [naga sharpshooter/arrow (12)]
 39128 | Snake:4  | 39128 ||| READING 4 scrolls of teleportation.
 39129 | Snake:4  | 39129 ||| DRINKING potion of heal wounds.
 39456 | Snake:4  | 39456 ||| Stepping ~*~*~tactically~*~*~ (hiding).
 39458 | Snake:4  | 39458 ||| Stepping ~*~*~tactically~*~*~ (hiding).
 39507 | Snake:4  | 39507 ||| Stepping ~*~*~tactically~*~*~ (hiding).
 39509 | Snake:4  | 39509 ||| Stepping ~*~*~tactically~*~*~ (hiding).
 39517 | Snake:4  | 39517 ||| Stepping ~*~*~tactically~*~*~ (stealth).
 39558 | Snake:4  | 39558 ||| Stepping ~*~*~tactically~*~*~ (stealth).
 39591 | Snake:4  | 39591 ||| Stepping ~*~*~tactically~*~*~ (stealth).
 39623 | Snake:4  | 39623 ||| INVOKING Heroism.
 39644 | Snake:4  | 39644 ||| INVOKING Heroism.
 39701 | Snake:4  | 39701 ||| FLEEEEING.
 39702 | Snake:4  | 39702 ||| FLEEEEING.
 39703 | Snake:4  | 39703 ||| FLEEEEING.
 39704 | Snake:4  | 39704 ||| FLEEEEING.
 39705 | Snake:4  | 39705 ||| FLEEEEING.
 39706 | Snake:4  | 39706 ||| FLEEEEING.
 39707 | Snake:4  | 39707 ||| FLEEEEING.
 39715 | Snake:4  | 39715 ||| INVOKING Heroism.
 39725 | Snake:4  | 39725 ||| FLEEEEING.
 40060 | Snake:4  | 40060 ||| Stepping ~*~*~tactically~*~*~ (hiding).
 40119 | Snake:4  | 40119 ||| FLEEEEING.
 40120 | Snake:4  | 40120 ||| FLEEEEING.
 40261 | Snake:4  | 40261 ||| FLEEEEING.
 40264 | Snake:4  | 40264 ||| FLEEEEING.
 40266 | Snake:4  | 40266 ||| FLEEEEING.
 40267 | Snake:4  | 40267 ||| FLEEEEING.
 40268 | Snake:4  | 40268 ||| FLEEEEING.
 40269 | Snake:4  | 40269 ||| FLEEEEING.
 40270 | Snake:4  | 40270 ||| FLEEEEING.
 40272 | Snake:4  | 40272 ||| FLEEEEING.
 40273 | Snake:4  | 40273 ||| FLEEEEING.
 40274 | Snake:4  | 40274 ||| FLEEEEING.
 40275 | Snake:4  | 40275 ||| FLEEEEING.
 40276 | Snake:4  | 40276 ||| FLEEEEING.
 40277 | Snake:4  | 40277 ||| FLEEEEING.
 40278 | Snake:4  | 40278 ||| FLEEEEING.
 40287 | Snake:4  | 40287 ||| INVOKING Heroism.
 40652 | Snake:4  | 40652 ||| Stepping ~*~*~tactically~*~*~ (hiding).
 40653 | Snake:4  | 40653 ||| Stepping ~*~*~tactically~*~*~ (hiding).
 40654 | Snake:4  | 40654 ||| Stepping ~*~*~tactically~*~*~ (hiding).
 40655 | Snake:4  | 40655 ||| INVOKING Heroism.
 40737 | Snake:4  | 40737 ||| Stepping ~*~*~tactically~*~*~ (stealth).
 40802 | Snake:4  | 40802 ||| INVOKING Heroism.
 40825 | Snake:4  | HP: 25/118 [shock serpent/electric aura (5)]
 40826 | Snake:4  | 40826 ||| READING 3 scrolls of teleportation.
 40828 | Snake:4  | HP: 12/118 [shock serpent/electric aura (2)]
 40829 | Snake:4  | HP: 4/118 [shock serpent/bolt of electricity (6)]
 41326 | Snake:4  | Reached skill level 15 in Fighting
 41386 | Snake:4  | 41386 ||| Stepping ~*~*~tactically~*~*~ (stealth).
 41390 | Snake:4  | 41390 ||| Stepping ~*~*~tactically~*~*~ (stealth).
 41517 | Snake:4  | Received a gift from Okawaru
 41636 | Snake:4  | Got a serpentine rune of Zot
 41637 | Snake:4  | 41637 ||| PLANNING VAULTS:1-4
 41985 | Vaults:1 | Entered Level 1 of the Vaults
 42002 | Vaults:1 | 42002 ||| INVOKING Heroism.
 42003 | Vaults:1 | 42003 ||| INVOKING Finesse.
 42042 | Vaults:1 | 42042 ||| INVOKING Heroism.
 42066 | Vaults:1 | 42066 ||| INVOKING Finesse.
 42116 | Vaults:1 | 42116 ||| Stepping ~*~*~tactically~*~*~ (stealth).
 42118 | Vaults:1 | Noticed Nikola
 42119 | Vaults:1 | 42119 ||| Stepping ~*~*~tactically~*~*~ (hiding).
 42121 | Vaults:1 | 42121 ||| INVOKING Heroism.
 42122 | Vaults:1 | 42122 ||| INVOKING Finesse.
 42127 | Vaults:1 | Received a gift from Okawaru
 42144 | Vaults:1 | Killed Nikola
 42145 | Vaults:1 | Reached XP level 19. HP: 124/124 MP: 20/26
 42194 | Abyss:2  | Cast into level 2 of the Abyss (a wizard)
 42197 | Abyss:2  | Found a corrupted altar of Lugonu.
 42273 | Abyss:2  | 42273 ||| Stepping ~*~*~tactically~*~*~ (hiding).
 42275 | Abyss:2  | 42275 ||| INVOKING Heroism.
 42276 | Abyss:2  | 42276 ||| INVOKING Finesse.
 42309 | Abyss:2  | 42309 ||| Stepping ~*~*~tactically~*~*~ (hiding).
 42310 | Abyss:2  | 42310 ||| Stepping ~*~*~tactically~*~*~ (hiding).
 42443 | Abyss:2  | 42443 ||| Stepping ~*~*~tactically~*~*~ (stealth).
 42449 | Abyss:2  | 42449 ||| Stepping ~*~*~tactically~*~*~ (stealth).
 42480 | Abyss:2  | Received a gift from Okawaru
 42547 | Abyss:2  | 42547 ||| Stepping ~*~*~tactically~*~*~ (hiding).
 42555 | Abyss:2  | 42555 ||| INVOKING Heroism.
 42562 | Abyss:2  | 42562 ||| Stepping ~*~*~tactically~*~*~ (stealth).
 42565 | Abyss:2  | 42565 ||| Stepping ~*~*~tactically~*~*~ (stealth).
 42566 | Abyss:2  | 42566 ||| Stepping ~*~*~tactically~*~*~ (stealth).
 42568 | Abyss:2  | 42568 ||| Stepping ~*~*~tactically~*~*~ (hiding).
 42577 | Abyss:2  | 42577 ||| Stepping ~*~*~tactically~*~*~ (hiding).
 42600 | Abyss:2  | 42600 ||| Stepping ~*~*~tactically~*~*~ (stealth).
 42603 | Abyss:2  | 42603 ||| INVOKING Heroism.
 42611 | Abyss:2  | Reached skill level 9 in Throwing
 42611 | Abyss:2  | 42611 ||| Stepping ~*~*~tactically~*~*~ (stealth).
 42612 | Abyss:2  | 42612 ||| Stepping ~*~*~tactically~*~*~ (stealth).
 42628 | Abyss:2  | 42628 ||| Stepping ~*~*~tactically~*~*~ (stealth).
 42633 | Abyss:2  | 42633 ||| INVOKING Heroism.
 42637 | Abyss:2  | Received a gift from Okawaru
 42696 | Abyss:2  | 42696 ||| Stepping ~*~*~tactically~*~*~ (stealth).
 42700 | Abyss:2  | 42700 ||| Stepping ~*~*~tactically~*~*~ (stealth).
 42702 | Abyss:2  | 42702 ||| Stepping ~*~*~tactically~*~*~ (stealth).
 42756 | Abyss:2  | 42756 ||| Stepping ~*~*~tactically~*~*~ (hiding).
 42759 | Abyss:2  | 42759 ||| Stepping ~*~*~tactically~*~*~ (hiding).
 42760 | Abyss:2  | 42760 ||| INVOKING Heroism.
 42761 | Abyss:2  | 42761 ||| INVOKING Finesse.
 42773 | Abyss:2  | 42773 ||| Stepping ~*~*~tactically~*~*~ (stealth).
 42777 | Abyss:2  | Identified the +1 plate armour of Hionn {rF- rN+ rCorr
                  | Stlth+} (Okawaru gifted it to you on level 2 of the Abyss)
 42777 | Abyss:2  | Received a gift from Okawaru
 42779 | Vaults:1 | Escaped the Abyss
 43036 | Vaults:1 | 43036 ||| Stepping ~*~*~tactically~*~*~ (stealth).
 43037 | Vaults:1 | 43037 ||| Stepping ~*~*~tactically~*~*~ (stealth).
 43040 | Vaults:1 | 43040 ||| Stepping ~*~*~tactically~*~*~ (stealth).
 43041 | Vaults:1 | 43041 ||| INVOKING Heroism.
 43151 | Vaults:1 | 43151 ||| INVOKING Heroism.
 43164 | Vaults:1 | Reached skill level 15 in Armour
 43171 | Vaults:1 | 43171 ||| INVOKING Finesse.
 43186 | Abyss:2  | Cast into level 2 of the Abyss (a wizard)
 43214 | Abyss:2  | 43214 ||| Stepping ~*~*~tactically~*~*~ (hiding).
 43216 | Abyss:2  | 43216 ||| Stepping ~*~*~tactically~*~*~ (hiding).
 43220 | Abyss:2  | 43220 ||| INVOKING Heroism.
 43271 | Abyss:2  | HP: 31/125 [wretched star/lance of force (19)]
 43272 | Abyss:2  | 43272 ||| READING 2 scrolls of teleportation.
 43277 | Abyss:2  | 43277 ||| INVOKING Heroism.
 43293 | Abyss:2  | Found a corrupted altar of Lugonu.
 43372 | Abyss:2  | 43372 ||| INVOKING Heroism.
 43655 | Abyss:2  | Found a corrupted altar of Lugonu.
 43690 | Abyss:2  | 43690 ||| INVOKING Heroism.
 43733 | Abyss:2  | 43733 ||| Stepping ~*~*~tactically~*~*~ (stealth).
 43736 | Abyss:2  | 43736 ||| Stepping ~*~*~tactically~*~*~ (stealth).
 43739 | Abyss:2  | 43739 ||| INVOKING Heroism.
 43742 | Abyss:2  | 43742 ||| Stepping ~*~*~tactically~*~*~ (stealth).
 43745 | Abyss:2  | HP: 19/100 [balrug/+0 demon whip of freezing (12)]
 43745 | Abyss:2  | HP: 1/100 [balrug/+0 demon whip of freezing (18)]
 43745 | Abyss:2  | Slain by a balrug

Levels and vault maps discovered:
D:1:      ldierk_water_garden, layout_basic, serial_forest,
          infiniplex_forest_clump_C, infiniplex_forest_lined_room_2,
          infiniplex_forest_clump_cross, infiniplex_forest_3_way,
          infiniplex_forest_end_double, infiniplex_forest_end_1,
          infiniplex_forest_clump_double, infiniplex_forest_end_3,
          infiniplex_forest_lined_3
D:2:      cheibrodos_old_hovel, layout_basic,
          hellmonk_ecumenical_altar_pennies_from_heaven, minmay_pentomino_x2
D:3:      layout_basic, serial_shops, nicolae_lakefront_shop,
          hellmonk_ghost_happy_afterlife
D:4:      layout_cave_pools, cheibrodos_worm_habitat, minmay_temple_entry_ruins,
          serial_shops, nicolae_shop_behind_doors, minmay_distorted
D:5:      layout_basic, nicolae_overflow_crystal_walls, lightli_minifort
D:6:      layout_gridville, cheibrodos_sewer_entry_bend
D:7:      layout_basic, chequers_serial_rivers_room_b
D:8:      layout_rooms, jmf_multi_god_temple2, elyvilon_altar_4, uniq_amaemon
D:9:      layout_basic
D:10:     layout_long_grid, grunt_temple_overflow_magic_moments,
          mainiacjoe_overflow_alcove_1, enter_bailey_5, serial_shops, shop,
          chequers_big_river
D:11:     layout_rooms, erik_lair_island, erik_orc_1, serial_shops, shop
D:12:     layout_loops_ring, special_room [special_room_bee],
          lemuel_old_faithful, uniq_sonja
D:13:     layout_roguey, ximxim_vaults_locker_room, gammafunk_ghost_mausoleum,
          grunt_decor_mini_mirrors
D:14:     hangedman_arrow_trap, layout_basic, xom_teletrap_fun
D:15:     gammafunk_depths_entry_grave, layout_rooms, gauntlet_entry_generic,
          hangedman_decor_push, lemuel_freeze_loot_1
Temple:   dshaligram_water_room_temple
Lair:1:   layout_gridlike
Lair:2:   layout_gridlike, minmay_snake_entry_guardpost_small, st_stairs_8,
          kennysheep_abandoned_house
Lair:3:   layout_gridlike, elwin_shoals_entry_stream, serial_rivers,
          chequers_serial_rivers_small_a, chequers_serial_rivers_large_a,
          chequers_serial_rivers_micro_d, chequers_serial_rivers_marsh,
          chequers_serial_rivers_marsh, chequers_serial_rivers_room_a,
          fungi_pond_lemuel
Lair:4:   layout_gridlike, serial_bayou_shore_a, serial_bayou_shore_b
Lair:5:   minmay_lair_end_frog_pond, layout_regular_city,
          dpeg_slime_entry_corner, minivault_23
Shoals:1: layout_shoals, ldierk_geyser, uniq_roxanne
Shoals:2: layout_shoals, hangedman_shoals_cup_caves
Shoals:3: layout_shoals, lemuel_altar_in_water2, uniq_jorgrun
Snake:1:  layout_gridlike, serial_corexii_hall, corexii_hall_statues_i,
          corexii_hall_statues_x, st_stairs_2, grunt_megastairs_2
Snake:2:  layout_misc_corridors, st_stairs_3
Snake:3:  layout_honeycomb, nicolae_elevator_lobby_plus, uniq_azrael
Snake:4:  snake_pit_salamanders_mu, layout_misc_corridors
Orc:1:    layout_caves, serial_shops, nicolae_shop_hallway_stairs, uniq_erolcha
Orc:2:    st_orc_rangers, layout_caves
Vaults:1: hangedman_vaults_river_flow, hangedman_vaults_impose, st_octagons_1,
          hangedman_vaults_stagger, vaults_mumra_lcd, v_rooms_1,
          nicolae_vaults_ring_of_whatevers, vaults_dpeg_diagonal,
          layout_vaults_omnicross, uniq_donald, uniq_nikola
Abyss:2:  base: Orc:1, hangedman_abyss_town, base:
D:6

Skill      XL: |  1  2  3  4  5  6  7  8  9 10 11 12 13 14 15 16 17 18 19 |
---------------+----------------------------------------------------------+-----
Axes           | 2 3 4 5 6 7 9 10 11 12 13 15 16 17 18 | 18.0
Shields        | 4 5 6 7 8 9 10 11 12 13 17 18 | 18.7
Fighting       | 4 5 6 7 8 9 10 11 12 13 15 16 | 16.0
Dodging        | 1 2 3 5 |  5.0
Invocations    | 4 6 10 | 10.0
Throwing       | 1 2 3 5 7 8 9 |  9.0
Armour         | 4 7 8 10 11 12 14 15 | 15.0

Action                   |  1- 3 |  4- 6 |  7- 9 | 10-12 | 13-15 | 16-18 | 19-21 || total
-------------------------+-------+-------+-------+-------+-------+-------+-------++-------
Melee: War axe           |   111 |    60 |   150 |   374 |   111 |       |       ||   806
       Broad axe         |       |       |       |       |   834 |  1798 |   272 ||  2904
       Demon whip        |       |       |       |       |   124 |       |       ||   124
Throw: Boomerang         |       |       |    41 |    31 |    52 |     5 |       ||   129
       Javelin           |       |       |       |    74 |   124 |    49 |     4 ||   251
Invok: Heroism           |       |       |    12 |    29 |    43 |    58 |    12 ||   154
       Finesse           |       |       |       |       |     9 |     8 |     3 ||    20
  Use: Scroll            |     5 |     3 |    14 |    16 |     6 |     5 |     1 ||    50
       Potion            |     1 |     1 |     2 |     2 |     3 |     8 |       ||    17
 Stab: Distracted        |       |       |     2 |     8 |     2 |       |       ||    12
Armor: Scale mail        |    64 |    15 |       |       |       |       |       ||    79
       Chain mail        |       |    18 |    57 |       |       |       |       ||    75
       Plate armour      |       |       |       |   151 |   623 |   619 |   100 ||  1493
Dodge: Dodged            |    56 |    15 |    21 |    57 |   286 |   622 |   115 ||  1172
       Repelled          |       |       |       |       |       |    16 |     1 ||    17
Block: Buckler           |    13 |       |       |       |       |       |       ||    13
       Kite shield       |    24 |    14 |    59 |   128 |   661 |   413 |       ||  1299
       Tower shield      |       |       |       |       |       |  1163 |   278 ||  1441

Table legend:
 A = Non-vault XP
 B = Vault XP
 C = Vault XP percentage of total XP
 D = Non-vault monster count
 E = Vault monster count
 F = Vault count percentage of total count
                 A         B        C        D         E       F
            +---------+---------+-------+---------+---------+-------
      Total |  268002 |   96021 |  26.4 |     796 |     286 |  26.4
            +---------+---------+-------+---------+---------+-------
        D:1 |      40 |       0 |   0.0 |      24 |       0 |   0.0
        D:2 |      31 |       7 |  18.4 |      11 |       3 |  21.4
        D:3 |      98 |       0 |   0.0 |      12 |       0 |   0.0
        D:4 |     798 |       8 |   1.0 |      24 |       3 |  11.1
        D:5 |    1202 |     132 |   9.9 |      24 |       4 |  14.3
        D:6 |    1077 |       5 |   0.5 |      20 |       1 |   4.8
        D:7 |    1314 |       0 |   0.0 |      22 |       0 |   0.0
        D:8 |    1402 |    1179 |  45.7 |      15 |       3 |  16.7
        D:9 |    3770 |       0 |   0.0 |      28 |       0 |   0.0
       D:10 |    1272 |       8 |   0.6 |      26 |       4 |  13.3
       D:11 |    5705 |    1352 |  19.2 |      18 |      24 |  57.1
       D:12 |    7466 |    3212 |  30.1 |      25 |      25 |  50.0
       D:13 |    4136 |    4346 |  51.2 |       7 |      12 |  63.2
       D:14 |    4047 |    8246 |  67.1 |       9 |      12 |  57.1
       D:15 |   13080 |    4478 |  25.5 |      22 |       8 |  26.7
     Lair:1 |    6036 |       0 |   0.0 |      20 |       0 |   0.0
     Lair:2 |    4986 |    1459 |  22.6 |      19 |      23 |  54.8
     Lair:3 |    6922 |    1326 |  16.1 |      20 |       4 |  16.7
     Lair:4 |   10066 |    4498 |  30.9 |      28 |      15 |  34.9
     Lair:5 |   14434 |    8378 |  36.7 |      36 |      25 |  41.0
   Shoals:1 |   15236 |    1309 |   7.9 |      31 |       1 |   3.1
   Shoals:2 |   13972 |    6713 |  32.5 |      27 |      12 |  30.8
   Shoals:3 |   22367 |    1868 |   7.7 |      45 |       1 |   2.2
    Snake:1 |   17998 |    6655 |  27.0 |      34 |      11 |  24.4
    Snake:2 |   21911 |     623 |   2.8 |      39 |       2 |   4.9
    Snake:3 |   21929 |    1723 |   7.3 |      44 |       5 |  10.2
    Snake:4 |   16991 |   27820 |  62.1 |      39 |      45 |  53.6
      Orc:1 |    2321 |    1720 |  42.6 |      30 |      11 |  26.8
      Orc:2 |     497 |    3645 |  88.0 |      13 |      26 |  66.7
   Vaults:1 |   19535 |    5311 |  21.4 |      33 |       6 |  15.4
    Abyss:2 |   27363 |       0 |   0.0 |      51 |       0 |   0.0
            +---------+---------+-------+---------+---------+-------
